Workbook

Sheet ORÇAMENTO
C3: UNIVERSIDADE ESTADUAL DO NORTE DO PARANÁ
C4: CNPJ: 08.885.100/0001-54 | L4: BDI | M4: =BDI!F28 -> 0.2354
C5: OBRA : CENTRAL DE PÓS-GRADUAÇÃO | L5: BDI DIF | M5: 0.1528
C6: Local: Campus Jacarezinho - CJ | L6: Total s/BDI | M6: =Q14 -> 0
C7: Data do orçamento: SETEMBRO/2026 | L7: Total c/BDI | M7: =P14 -> 0
C8: SINAPI_Referência_2026_07_não_Desonerada
D10: INSERIR DADOS DA EMPRESA
A12: ITEM | B12: RESUMO | C12: CÓDIGO | D12: DESCRIÇÃO DOS SERVIÇOS | E12: UN | F12: QTD | G12: UNITÁRIO (SEM BDI) | J12: TOTAL (Valores sem BDI) | M12: VALOR TOTAL C/ BDI
G13: MATERIAL + EQ | H13: MÃO DE OBRA | I13: TOTAL | J13: MATERIAL | K13: MÃO DE OBRA | L13: TOTAL | P13: TOTAL C/ BDI | Q13: TOTAL S/ BDI
O14: CRITÉRIO | P14: =SUM(P15:P15058) -> 0 | Q14: =SUM(Q15:Q15058) -> 0
A15: 1 | B15: ADMINISTRAÇÃO DA OBRA | J15: =SUM(J16:J18) -> 0 | K15: =SUM(K16:K18) -> 0 | L15: =SUM(L16:L18) -> 0 | M15: =SUM(M16:M18) -> 0 | O15: =IF(A15="", "", IF(LEN(A15)-LEN(SUBSTITUTE(A15, ".", "")) = 0, "ETAPA_PRINCIPAL", IF(LEN(A15)-LEN(SUBSTITUTE(A15, ".", "")) = 1, "SUBETAPA", "ITEM_OBRA"))) -> ETAPA_PRINCIPAL | P15: =IF(O15="ETAPA_PRINCIPAL",M15,0) -> 0 | Q15: =IF($O15="ETAPA_PRINCIPAL",$L15,0) -> 0
A16: 1.1 | B16: ACOMPANHAMENTO TÉCNICO | C16: 90778 | D16: ENGENHEIRO CIVIL DE OBRA PLENO COM ENCARGOS COMPLEMENTARES | E16: H | F16: 485 | I16: =G16+H16 -> 0 | J16: =G16*F16 -> 0 | K16: =H16*F16 -> 0 | L16: =J16+K16 -> 0 | M16: =L16*(1+$M$4) -> 0 | O16: =IF(A16="", "", IF(LEN(A16)-LEN(SUBSTITUTE(A16, ".", "")) = 0, "ETAPA_PRINCIPAL", IF(LEN(A16)-LEN(SUBSTITUTE(A16, ".", "")) = 1, "SUBETAPA", "ITEM_OBRA"))) -> SUBETAPA | P16: =IF(O16="ETAPA_PRINCIPAL",M16,0) -> 0 | Q16: =IF($O16="ETAPA_PRINCIPAL",$L16,0) -> 0
A17: 1.2 | B17: =UPPER("Projeto Completo de Entrada de Energia") -> PROJETO COMPLETO DE ENTRADA DE ENERGIA | C17: ITEM 12.4 - SECID/PR 2026 | D17: =UPPER("Projeto Completo de Entrada de Energia e Cabine ou Postos de Transformação, em alvenaria e/ou cubículo blindado, e/ou de Posto de Transformação") -> PROJETO COMPLETO DE ENTRADA DE ENERGIA E CABINE OU POSTOS DE TRANSFORMAÇÃO, EM ALVENARIA E/OU CUBÍCULO BLINDADO, E/OU DE POSTO DE TRANSFORMAÇÃO | E17: UN | F17: 2 | I17: =G17+H17 -> 0 | J17: =G17*F17 -> 0 | K17: =H17*F17 -> 0 | L17: =J17+K17 -> 0 | M17: =L17*(1+$M$4) -> 0 | O17: =IF(A17="", "", IF(LEN(A17)-LEN(SUBSTITUTE(A17, ".", "")) = 0, "ETAPA_PRINCIPAL", IF(LEN(A17)-LEN(SUBSTITUTE(A17, ".", "")) = 1, "SUBETAPA", "ITEM_OBRA"))) -> SUBETAPA | P17: =IF(O17="ETAPA_PRINCIPAL",M17,0) -> 0 | Q17: =IF($O17="ETAPA_PRINCIPAL",$L17,0) -> 0
A18: 1.3 | B18: ACOMPANHAMENTO TÉCNICO | C18: 93572 | D18: ENCARREGADO GERAL DE OBRAS COM ENCARGOS COMPLEMENTARES | E18: MÊS | F18: 20 | I18: =G18+H18 -> 0 | J18: =G18*F18 -> 0 | K18: =H18*F18 -> 0 | L18: =J18+K18 -> 0 | M18: =L18*(1+$M$4) -> 0 | O18: =IF(A18="", "", IF(LEN(A18)-LEN(SUBSTITUTE(A18, ".", "")) = 0, "ETAPA_PRINCIPAL", IF(LEN(A18)-LEN(SUBSTITUTE(A18, ".", "")) = 1, "SUBETAPA", "ITEM_OBRA"))) -> SUBETAPA | P18: =IF(O18="ETAPA_PRINCIPAL",M18,0) -> 0 | Q18: =IF($O18="ETAPA_PRINCIPAL",$L18,0) -> 0
O19: =IF(A19="", "", IF(LEN(A19)-LEN(SUBSTITUTE(A19, ".", "")) = 0, "ETAPA_PRINCIPAL", IF(LEN(A19)-LEN(SUBSTITUTE(A19, ".", "")) = 1, "SUBETAPA", "ITEM_OBRA"))) | P19: =IF(O19="ETAPA_PRINCIPAL",M19,0) -> 0 | Q19: =IF($O19="ETAPA_PRINCIPAL",$L19,0) -> 0
A20: 2 | B20: CANTEIRO DE OBRAS | J20: =SUM(J21:J33) -> 0 | K20: =SUM(K21:K33) -> 0 | L20: =SUM(L21:L33) -> 0 | M20: =SUM(M21:M33) -> 0 | O20: =IF(A20="", "", IF(LEN(A20)-LEN(SUBSTITUTE(A20, ".", "")) = 0, "ETAPA_PRINCIPAL", IF(LEN(A20)-LEN(SUBSTITUTE(A20, ".", "")) = 1, "SUBETAPA", "ITEM_OBRA"))) -> ETAPA_PRINCIPAL | P20: =IF(O20="ETAPA_PRINCIPAL",M20,0) -> 0 | Q20: =IF($O20="ETAPA_PRINCIPAL",$L20,0) -> 0
A21: 2.1 | B21: PLACA DE OBRA - MODELO ESTADO DO PR | C21: 4813 / SP | D21: PLACA DE OBRA (PARA CONSTRUCAO CIVIL) EM CHAPA GALVANIZADA *N. 22*, ADESIVADA, DE *2,0 X 1,125* M | E21: M2 | F21: 8 | I21: =G21+H21 -> 0 | J21: =G21*F21 -> 0 | K21: =H21*F21 -> 0 | L21: =J21+K21 -> 0 | M21: =L21*(1+$M$4) -> 0 | O21: =IF(A21="", "", IF(LEN(A21)-LEN(SUBSTITUTE(A21, ".", "")) = 0, "ETAPA_PRINCIPAL", IF(LEN(A21)-LEN(SUBSTITUTE(A21, ".", "")) = 1, "SUBETAPA", "ITEM_OBRA"))) -> SUBETAPA | P21: =IF(O21="ETAPA_PRINCIPAL",M21,0) -> 0 | Q21: =IF($O21="ETAPA_PRINCIPAL",$L21,0) -> 0
A22: 2.2 | B22: ENTRADA PROVISÓRIA | C22: 101510 | D22: ENTRADA DE ENERGIA ELÉTRICA, AÉREA, TRIFÁSICA, COM CAIXA DE EMBUTIR, CABO DE 16 MM2 E DISJUNTOR DIN 50A (NÃO INCLUSO O POSTE DE CONCRETO). AF_12/2025 | E22: UN | F22: 1 | I22: =G22+H22 -> 0 | J22: =G22*F22 -> 0 | K22: =H22*F22 -> 0 | L22: =J22+K22 -> 0 | M22: =L22*(1+$M$4) -> 0 | O22: =IF(A22="", "", IF(LEN(A22)-LEN(SUBSTITUTE(A22, ".", "")) = 0, "ETAPA_PRINCIPAL", IF(LEN(A22)-LEN(SUBSTITUTE(A22, ".", "")) = 1, "SUBETAPA", "ITEM_OBRA"))) -> SUBETAPA | P22: =IF(O22="ETAPA_PRINCIPAL",M22,0) -> 0 | Q22: =IF($O22="ETAPA_PRINCIPAL",$L22,0) -> 0
A23: 2.3 | B23: POSTE PROVISÓRIO | C23: 41196 / SP | D23: POSTE DE CONCRETO ARMADO DE SECAO DUPLO T, EXTENSAO DE 9,00 M, RESISTENCIA DE 150 DAN, TIPO D | E23: UN | F23: 1 | I23: =G23+H23 -> 0 | J23: =G23*F23 -> 0 | K23: =H23*F23 -> 0 | L23: =J23+K23 -> 0 | M23: =L23*(1+$M$4) -> 0 | O23: =IF(A23="", "", IF(LEN(A23)-LEN(SUBSTITUTE(A23, ".", "")) = 0, "ETAPA_PRINCIPAL", IF(LEN(A23)-LEN(SUBSTITUTE(A23, ".", "")) = 1, "SUBETAPA", "ITEM_OBRA"))) -> SUBETAPA | P23: =IF(O23="ETAPA_PRINCIPAL",M23,0) -> 0 | Q23: =IF($O23="ETAPA_PRINCIPAL",$L23,0) -> 0
A24: 2.4 | B24: CABO PROVISÓRIO (DERIVADO DA CLÍNICA DE ODONTO) | C24: 04621 ORSE | D24: CABO DE ALUMINIO 0,6/1KV MULTIPLEXADOS 2X1X16 + 16MM² | E24: M | F24: 200 | I24: =G24+H24 -> 0 | J24: =G24*F24 -> 0 | K24: =H24*F24 -> 0 | L24: =J24+K24 -> 0 | M24: =L24*(1+$M$4) -> 0 | O24: =IF(A24="", "", IF(LEN(A24)-LEN(SUBSTITUTE(A24, ".", "")) = 0, "ETAPA_PRINCIPAL", IF(LEN(A24)-LEN(SUBSTITUTE(A24, ".", "")) = 1, "SUBETAPA", "ITEM_OBRA"))) -> SUBETAPA | P24: =IF(O24="ETAPA_PRINCIPAL",M24,0) -> 0 | Q24: =IF($O24="ETAPA_PRINCIPAL",$L24,0) -> 0
A25: 2.5 | B25: POSTE PROVISÓRIO | C25: 100578 | D25: ASSENTAMENTO DE POSTE DE CONCRETO COM COMPRIMENTO NOMINAL DE 9 M, CARGA NOMINAL MENOR OU IGUAL A 1000 DAN, ENGASTAMENTO SIMPLES COM 1,5 M DE SOLO (NÃO INCLUI FORNECIMENTO). AF_04/2025 | E25: UN | F25: 1 | I25: =G25+H25 -> 0 | J25: =G25*F25 -> 0 | K25: =H25*F25 -> 0 | L25: =J25+K25 -> 0 | M25: =L25*(1+$M$4) -> 0 | O25: =IF(A25="", "", IF(LEN(A25)-LEN(SUBSTITUTE(A25, ".", "")) = 0, "ETAPA_PRINCIPAL", IF(LEN(A25)-LEN(SUBSTITUTE(A25, ".", "")) = 1, "SUBETAPA", "ITEM_OBRA"))) -> SUBETAPA | P25: =IF(O25="ETAPA_PRINCIPAL",M25,0) -> 0 | Q25: =IF($O25="ETAPA_PRINCIPAL",$L25,0) -> 0
A26: 2.6 | B26: CANTEIRO DE OBRA | C26: COMP. 19 | D26: EXECUÇÃO DE ALMOXARIFADO EM CANTEIRO DE OBRA EM ALVENARIA, INCLUSO PRATELEIRAS | E26: M2 | F26: 30 | I26: =G26+H26 -> 0 | J26: =G26*F26 -> 0 | K26: =H26*F26 -> 0 | L26: =J26+K26 -> 0 | M26: =L26*(1+$M$4) -> 0 | O26: =IF(A26="", "", IF(LEN(A26)-LEN(SUBSTITUTE(A26, ".", "")) = 0, "ETAPA_PRINCIPAL", IF(LEN(A26)-LEN(SUBSTITUTE(A26, ".", "")) = 1, "SUBETAPA", "ITEM_OBRA"))) -> SUBETAPA | P26: =IF(O26="ETAPA_PRINCIPAL",M26,0) -> 0 | Q26: =IF($O26="ETAPA_PRINCIPAL",$L26,0) -> 0
A27: 2.7 | B27: CANTEIRO DE OBRA | C27: COMP. 20 | D27: EXECUÇÃO DE REFEITÓRIO EM CANTEIRO DE OBRA EM CHAPA DE MADEIRA COMPENSADA, NÃO INCLUSO MOBILIÁRIO E EQUIPAMENTOS | E27: M2 | F27: 12.6 | I27: =G27+H27 -> 0 | J27: =G27*F27 -> 0 | K27: =H27*F27 -> 0 | L27: =J27+K27 -> 0 | M27: =L27*(1+$M$4) -> 0 | O27: =IF(A27="", "", IF(LEN(A27)-LEN(SUBSTITUTE(A27, ".", "")) = 0, "ETAPA_PRINCIPAL", IF(LEN(A27)-LEN(SUBSTITUTE(A27, ".", "")) = 1, "SUBETAPA", "ITEM_OBRA"))) -> SUBETAPA | P27: =IF(O27="ETAPA_PRINCIPAL",M27,0) -> 0 | Q27: =IF($O27="ETAPA_PRINCIPAL",$L27,0) -> 0
A28: 2.8 | B28: CANTEIRO DE OBRA | C28: COMP. 21 | D28: EXECUÇÃO DE ESCRITÓRIO EM CANTEIRO DE OBRA EM CHAPA DE MADEIRA COMPENSADA, NÃO INCLUSO MOBILIÁRIO E EQUIPAMENTOS | E28: M2 | F28: 6.6 | I28: =G28+H28 -> 0 | J28: =G28*F28 -> 0 | K28: =H28*F28 -> 0 | L28: =J28+K28 -> 0 | M28: =L28*(1+$M$4) -> 0 | O28: =IF(A28="", "", IF(LEN(A28)-LEN(SUBSTITUTE(A28, ".", "")) = 0, "ETAPA_PRINCIPAL", IF(LEN(A28)-LEN(SUBSTITUTE(A28, ".", "")) = 1, "SUBETAPA", "ITEM_OBRA"))) -> SUBETAPA | P28: =IF(O28="ETAPA_PRINCIPAL",M28,0) -> 0 | Q28: =IF($O28="ETAPA_PRINCIPAL",$L28,0) -> 0
A29: 2.9 | B29: CANTEIRO DE OBRA | C29: COMP. 22 | D29: EXECUÇÃO DE SANITÁRIO E VESTIÁRIO EM CANTEIRO DE OBRA EM CHAPA DE MADEIRA COMPENSADA, NÃO INCLUSO MOBILIÁRIO | E29: M2 | F29: 4.2 | I29: =G29+H29 -> 0 | J29: =G29*F29 -> 0 | K29: =H29*F29 -> 0 | L29: =J29+K29 -> 0 | M29: =L29*(1+$M$4) -> 0 | O29: =IF(A29="", "", IF(LEN(A29)-LEN(SUBSTITUTE(A29, ".", "")) = 0, "ETAPA_PRINCIPAL", IF(LEN(A29)-LEN(SUBSTITUTE(A29, ".", "")) = 1, "SUBETAPA", "ITEM_OBRA"))) -> SUBETAPA | P29: =IF(O29="ETAPA_PRINCIPAL",M29,0) -> 0 | Q29: =IF($O29="ETAPA_PRINCIPAL",$L29,0) -> 0
A30: 2.10 | B30: ENTRADA DE ÁGUA | C30: 95641 | D30: KIT CAVALETE PARA MEDIÇÃO DE ÁGUA - ENTRADA INDIVIDUALIZADA, EM PVC 25 MM (3/4"), PARA 2 MEDIDORES - FORNECIMENTO E INSTALAÇÃO (EXCLUSIVE HIDRÔMETRO). AF_03/2024 | E30: UN | F30: 1 | I30: =G30+H30 -> 0 | J30: =G30*F30 -> 0 | K30: =H30*F30 -> 0 | L30: =J30+K30 -> 0 | M30: =L30*(1+$M$4) -> 0 | O30: =IF(A30="", "", IF(LEN(A30)-LEN(SUBSTITUTE(A30, ".", "")) = 0, "ETAPA_PRINCIPAL", IF(LEN(A30)-LEN(SUBSTITUTE(A30, ".", "")) = 1, "SUBETAPA", "ITEM_OBRA"))) -> SUBETAPA | P30: =IF(O30="ETAPA_PRINCIPAL",M30,0) -> 0 | Q30: =IF($O30="ETAPA_PRINCIPAL",$L30,0) -> 0
A31: 2.12 | B31: ENTRADA DE ÁGUA (DERIVADA DA CENTRAL DE LABORATÓRIOS) | C31: 89402 | D31: TUBO, PVC, SOLDÁVEL, DE 25MM, INSTALADO EM RAMAL DE DISTRIBUIÇÃO DE ÁGUA - FORNECIMENTO E INSTALAÇÃO. AF_06/2022 | E31: M | F31: 50 | I31: =G31+H31 -> 0 | J31: =G31*F31 -> 0 | K31: =H31*F31 -> 0 | L31: =J31+K31 -> 0 | M31: =L31*(1+$M$4) -> 0 | O31: =IF(A31="", "", IF(LEN(A31)-LEN(SUBSTITUTE(A31, ".", "")) = 0, "ETAPA_PRINCIPAL", IF(LEN(A31)-LEN(SUBSTITUTE(A31, ".", "")) = 1, "SUBETAPA", "ITEM_OBRA"))) -> SUBETAPA | P31: =IF(O31="ETAPA_PRINCIPAL",M31,0) -> 0 | Q31: =IF($O31="ETAPA_PRINCIPAL",$L31,0) -> 0
A32: 2.13 | B32: ENTRADA DE ÁGUA | C32: 01199/ORSE | D32: PONTO DE ÁGUA FRIA APARENTE, C/MATERIAL PVC RÍGIDO SOLDÁVEL Ø 25MM | E32: UN | F32: 1 | I32: =G32+H32 -> 0 | J32: =G32*F32 -> 0 | K32: =H32*F32 -> 0 | L32: =J32+K32 -> 0 | M32: =L32*(1+$M$4) -> 0 | O32: =IF(A32="", "", IF(LEN(A32)-LEN(SUBSTITUTE(A32, ".", "")) = 0, "ETAPA_PRINCIPAL", IF(LEN(A32)-LEN(SUBSTITUTE(A32, ".", "")) = 1, "SUBETAPA", "ITEM_OBRA"))) -> SUBETAPA | P32: =IF(O32="ETAPA_PRINCIPAL",M32,0) -> 0 | Q32: =IF($O32="ETAPA_PRINCIPAL",$L32,0) -> 0
A33: 2.14 | B33: TAPUME | C33: 98459 | D33: TAPUME COM TELHA METÁLICA. AF_03/2024 | E33: M2 | F33: 430 | I33: =G33+H33 -> 0 | J33: =G33*F33 -> 0 | K33: =H33*F33 -> 0 | L33: =J33+K33 -> 0 | M33: =L33*(1+$M$4) -> 0 | O33: =IF(A33="", "", IF(LEN(A33)-LEN(SUBSTITUTE(A33, ".", "")) = 0, "ETAPA_PRINCIPAL", IF(LEN(A33)-LEN(SUBSTITUTE(A33, ".", "")) = 1, "SUBETAPA", "ITEM_OBRA"))) -> SUBETAPA | P33: =IF(O33="ETAPA_PRINCIPAL",M33,0) -> 0 | Q33: =IF($O33="ETAPA_PRINCIPAL",$L33,0) -> 0
O34: =IF(A34="", "", IF(LEN(A34)-LEN(SUBSTITUTE(A34, ".", "")) = 0, "ETAPA_PRINCIPAL", IF(LEN(A34)-LEN(SUBSTITUTE(A34, ".", "")) = 1, "SUBETAPA", "ITEM_OBRA"))) | P34: =IF(O34="ETAPA_PRINCIPAL",M34,0) -> 0 | Q34: =IF($O34="ETAPA_PRINCIPAL",$L34,0) -> 0
A35: 3 | B35: SERVIÇOS PRELIMINARES E TERRAPLENAGEM | J35: =SUM(J36:J40) -> 0 | K35: =SUM(K36:K40) -> 0 | L35: =SUM(L36:L40) -> 0 | M35: =SUM(M36:M40) -> 0 | O35: =IF(A35="", "", IF(LEN(A35)-LEN(SUBSTITUTE(A35, ".", "")) = 0, "ETAPA_PRINCIPAL", IF(LEN(A35)-LEN(SUBSTITUTE(A35, ".", "")) = 1, "SUBETAPA", "ITEM_OBRA"))) -> ETAPA_PRINCIPAL | P35: =IF(O35="ETAPA_PRINCIPAL",M35,0) -> 0 | Q35: =IF($O35="ETAPA_PRINCIPAL",$L35,0) -> 0
A36: 3.1 | B36: LIMPEZA VEGETAL - IMPLANTAÇÃO + 6M ARREDORES | C36: 98525 | D36: LIMPEZA MECANIZADA DE CAMADA VEGETAL, VEGETAÇÃO E PEQUENAS ÁRVORES (DIÂMETRO DE TRONCO MENOR QUE 0,20 M), COM TRATOR DE ESTEIRAS. AF_03/2024 | E36: M2 | F36: 3850 | I36: =G36+H36 -> 0 | J36: =G36*F36 -> 0 | K36: =H36*F36 -> 0 | L36: =J36+K36 -> 0 | M36: =L36*(1+$M$4) -> 0 | O36: =IF(A36="", "", IF(LEN(A36)-LEN(SUBSTITUTE(A36, ".", "")) = 0, "ETAPA_PRINCIPAL", IF(LEN(A36)-LEN(SUBSTITUTE(A36, ".", "")) = 1, "SUBETAPA", "ITEM_OBRA"))) -> SUBETAPA | P36: =IF(O36="ETAPA_PRINCIPAL",M36,0) -> 0 | Q36: =IF($O36="ETAPA_PRINCIPAL",$L36,0) -> 0
A37: 3.2 | B37: VOLUME DE CORTE - PLATÔ DA OBRA | C37: 101124 | D37: ESCAVAÇÃO HORIZONTAL, INCLUINDO CARGA E DESCARGA EM SOLO DE 1A CATEGORIA COM TRATOR DE ESTEIRAS (100HP/LÂMINA: 2,19M3). AF_07/2020 | E37: M3 | F37: 8535 | I37: =G37+H37 -> 0 | J37: =G37*F37 -> 0 | K37: =H37*F37 -> 0 | L37: =J37+K37 -> 0 | M37: =L37*(1+$M$4) -> 0 | O37: =IF(A37="", "", IF(LEN(A37)-LEN(SUBSTITUTE(A37, ".", "")) = 0, "ETAPA_PRINCIPAL", IF(LEN(A37)-LEN(SUBSTITUTE(A37, ".", "")) = 1, "SUBETAPA", "ITEM_OBRA"))) -> SUBETAPA | P37: =IF(O37="ETAPA_PRINCIPAL",M37,0) -> 0 | Q37: =IF($O37="ETAPA_PRINCIPAL",$L37,0) -> 0
A38: 3.3 | B38: VOLUME DE REATERRO - PLATÔ DA OBRA | C38: 93369 | D38: REATERRO MECANIZADO DE VALA COM ESCAVADEIRA HIDRÁULICA (CAPACIDADE DA CAÇAMBA: 0,8 M³/POTÊNCIA: 111 HP), LARGURA 1,5 A 2,5 M, PROFUNDIDADE 1,5 A 3,0 M, COM SOLO (SEM SUBSTITUIÇÃO) DE 1ª CATEGORIA, COM COMPACTADOR DE SOLOS DE PERCUSSÃO. AF_08/2023 | E38: M³ | F38: 130 | I38: =G38+H38 -> 0 | J38: =G38*F38 -> 0 | K38: =H38*F38 -> 0 | L38: =J38+K38 -> 0 | M38: =L38*(1+$M$4) -> 0 | O38: =IF(A38="", "", IF(LEN(A38)-LEN(SUBSTITUTE(A38, ".", "")) = 0, "ETAPA_PRINCIPAL", IF(LEN(A38)-LEN(SUBSTITUTE(A38, ".", "")) = 1, "SUBETAPA", "ITEM_OBRA"))) -> SUBETAPA | P38: =IF(O38="ETAPA_PRINCIPAL",M38,0) -> 0 | Q38: =IF($O38="ETAPA_PRINCIPAL",$L38,0) -> 0
A39: 3.4 | B39: COMPACTAÇÃO DA ÁREA + ARREDORES | C39: 97084 | D39: COMPACTAÇÃO MECÂNICA DE SOLO PARA EXECUÇÃO DE RADIER, PISO DE CONCRETO OU LAJE SOBRE SOLO, COM COMPACTADOR DE SOLOS TIPO PLACA VIBRATÓRIA. AF_09/2021 | E39: M2 | F39: 3850 | I39: =G39+H39 -> 0 | J39: =G39*F39 -> 0 | K39: =H39*F39 -> 0 | L39: =J39+K39 -> 0 | M39: =L39*(1+$M$4) -> 0 | O39: =IF(A39="", "", IF(LEN(A39)-LEN(SUBSTITUTE(A39, ".", "")) = 0, "ETAPA_PRINCIPAL", IF(LEN(A39)-LEN(SUBSTITUTE(A39, ".", "")) = 1, "SUBETAPA", "ITEM_OBRA"))) -> SUBETAPA | P39: =IF(O39="ETAPA_PRINCIPAL",M39,0) -> 0 | Q39: =IF($O39="ETAPA_PRINCIPAL",$L39,0) -> 0
A40: 3.5 | B40: GABARITO OBRA | C40: 99059 | D40: LOCAÇÃO CONVENCIONAL DE OBRA, UTILIZANDO GABARITO DE TÁBUAS CORRIDAS PONTALETADAS A CADA 2,00M - 2 UTILIZAÇÕES. AF_03/2024 | E40: M | F40: 285 | I40: =G40+H40 -> 0 | J40: =G40*F40 -> 0 | K40: =H40*F40 -> 0 | L40: =J40+K40 -> 0 | M40: =L40*(1+$M$4) -> 0 | O40: =IF(A40="", "", IF(LEN(A40)-LEN(SUBSTITUTE(A40, ".", "")) = 0, "ETAPA_PRINCIPAL", IF(LEN(A40)-LEN(SUBSTITUTE(A40, ".", "")) = 1, "SUBETAPA", "ITEM_OBRA"))) -> SUBETAPA | P40: =IF(O40="ETAPA_PRINCIPAL",M40,0) -> 0 | Q40: =IF($O40="ETAPA_PRINCIPAL",$L40,0) -> 0
O41: =IF(A41="", "", IF(LEN(A41)-LEN(SUBSTITUTE(A41, ".", "")) = 0, "ETAPA_PRINCIPAL", IF(LEN(A41)-LEN(SUBSTITUTE(A41, ".", "")) = 1, "SUBETAPA", "ITEM_OBRA"))) | P41: =IF(O41="ETAPA_PRINCIPAL",M41,0) -> 0 | Q41: =IF($O41="ETAPA_PRINCIPAL",$L41,0) -> 0
A42: 4 | B42: FUNDAÇÃO E INFRAESTRUTURA | J42: =SUM(J44:J68) -> 0 | K42: =SUM(K44:K68) -> 0 | L42: =SUM(L44:L68) -> 0 | M42: =SUM(M44:M68) -> 0 | O42: =IF(A42="", "", IF(LEN(A42)-LEN(SUBSTITUTE(A42, ".", "")) = 0, "ETAPA_PRINCIPAL", IF(LEN(A42)-LEN(SUBSTITUTE(A42, ".", "")) = 1, "SUBETAPA", "ITEM_OBRA"))) -> ETAPA_PRINCIPAL | P42: =IF(O42="ETAPA_PRINCIPAL",M42,0) -> 0 | Q42: =IF($O42="ETAPA_PRINCIPAL",$L42,0) -> 0
A43: 4.1 | B43: ESTACAS | O43: =IF(A43="", "", IF(LEN(A43)-LEN(SUBSTITUTE(A43, ".", "")) = 0, "ETAPA_PRINCIPAL", IF(LEN(A43)-LEN(SUBSTITUTE(A43, ".", "")) = 1, "SUBETAPA", "ITEM_OBRA"))) -> SUBETAPA | P43: =IF(O43="ETAPA_PRINCIPAL",M43,0) -> 0 | Q43: =IF($O43="ETAPA_PRINCIPAL",$L43,0) -> 0
A44: 4.1.1 | B44: ESTACA H=5,0M; D=30CM / INCLUSO CONCRETO E ENG PLENO | C44: 107108 | D44: ESTACA ESCAVADA MECANICAMENTE, SEM FLUIDO ESTABILIZANTE, COM 30 CM DE DIÂMETRO, PERFURATRIZ MONTADA SOBRE CAMINHÃO E CONCRETO FCK 25 MPA LANÇADO POR CAMINHÃO BETONEIRA (EXCLUSIVE ARMADURA, MOBILIZAÇÃO E DESMOBILIZAÇÃO). AF_05/2026 | E44: M | F44: =167*5 -> 835 | I44: =G44+H44 -> 0 | J44: =G44*F44 -> 0 | K44: =H44*F44 -> 0 | L44: =J44+K44 -> 0 | M44: =L44*(1+$M$4) -> 0 | O44: =IF(A44="", "", IF(LEN(A44)-LEN(SUBSTITUTE(A44, ".", "")) = 0, "ETAPA_PRINCIPAL", IF(LEN(A44)-LEN(SUBSTITUTE(A44, ".", "")) = 1, "SUBETAPA", "ITEM_OBRA"))) -> ITEM_OBRA | P44: =IF(O44="ETAPA_PRINCIPAL",M44,0) -> 0 | Q44: =IF($O44="ETAPA_PRINCIPAL",$L44,0) -> 0
A45: 4.1.2 | B45: ARMADURAS - ESTACAS 6 VERGALHÕES DE 10MM | C45: 95577 | D45: MONTAGEM DE ARMADURA DE ESTACAS, DIÂMETRO = 10,0 MM. AF_09/2021_PS | E45: KG | F45: 2475 | I45: =G45+H45 -> 0 | J45: =G45*F45 -> 0 | K45: =H45*F45 -> 0 | L45: =J45+K45 -> 0 | M45: =L45*(1+$M$4) -> 0 | O45: =IF(A45="", "", IF(LEN(A45)-LEN(SUBSTITUTE(A45, ".", "")) = 0, "ETAPA_PRINCIPAL", IF(LEN(A45)-LEN(SUBSTITUTE(A45, ".", "")) = 1, "SUBETAPA", "ITEM_OBRA"))) -> ITEM_OBRA | P45: =IF(O45="ETAPA_PRINCIPAL",M45,0) -> 0 | Q45: =IF($O45="ETAPA_PRINCIPAL",$L45,0) -> 0
A46: 4.1.3 | B46: ARMADURAS - ESTACAS - ESTRIBO DE 5MM A CADA 15CM | C46: 95583 | D46: MONTAGEM DE ARMADURA TRANSVERSAL DE ESTACAS DE SEÇÃO CIRCULAR, DIÂMETRO = 5,0 MM. AF_09/2021_PS | E46: KG | F46: 550 | I46: =G46+H46 -> 0 | J46: =G46*F46 -> 0 | K46: =H46*F46 -> 0 | L46: =J46+K46 -> 0 | M46: =L46*(1+$M$4) -> 0 | O46: =IF(A46="", "", IF(LEN(A46)-LEN(SUBSTITUTE(A46, ".", "")) = 0, "ETAPA_PRINCIPAL", IF(LEN(A46)-LEN(SUBSTITUTE(A46, ".", "")) = 1, "SUBETAPA", "ITEM_OBRA"))) -> ITEM_OBRA | P46: =IF(O46="ETAPA_PRINCIPAL",M46,0) -> 0 | Q46: =IF($O46="ETAPA_PRINCIPAL",$L46,0) -> 0
A47: 4.2 | B47: BLOCO DE COROAMENTO | O47: =IF(A47="", "", IF(LEN(A47)-LEN(SUBSTITUTE(A47, ".", "")) = 0, "ETAPA_PRINCIPAL", IF(LEN(A47)-LEN(SUBSTITUTE(A47, ".", "")) = 1, "SUBETAPA", "ITEM_OBRA"))) -> SUBETAPA | P47: =IF(O47="ETAPA_PRINCIPAL",M47,0) -> 0 | Q47: =IF($O47="ETAPA_PRINCIPAL",$L47,0) -> 0
A48: 4.2.1 | B48: ESCAVAÇÃO - BLOCOS | C48: 93358 | D48: ESCAVAÇÃO MANUAL DE VALA. AF_09/2024 | E48: M3 | F48: 40 | I48: =G48+H48 -> 0 | J48: =G48*F48 -> 0 | K48: =H48*F48 -> 0 | L48: =J48+K48 -> 0 | M48: =L48*(1+$M$4) -> 0 | O48: =IF(A48="", "", IF(LEN(A48)-LEN(SUBSTITUTE(A48, ".", "")) = 0, "ETAPA_PRINCIPAL", IF(LEN(A48)-LEN(SUBSTITUTE(A48, ".", "")) = 1, "SUBETAPA", "ITEM_OBRA"))) -> ITEM_OBRA | P48: =IF(O48="ETAPA_PRINCIPAL",M48,0) -> 0 | Q48: =IF($O48="ETAPA_PRINCIPAL",$L48,0) -> 0
A49: 4.2.2 | B49: REATERRO - BLOCOS | C49: 93382 | D49: REATERRO MANUAL DE VALAS, COM COMPACTADOR DE SOLOS DE PERCUSSÃO. AF_08/2023 | E49: M3 | F49: =F48 -> 40 | I49: =G49+H49 -> 0 | J49: =G49*F49 -> 0 | K49: =H49*F49 -> 0 | L49: =J49+K49 -> 0 | M49: =L49*(1+$M$4) -> 0 | O49: =IF(A49="", "", IF(LEN(A49)-LEN(SUBSTITUTE(A49, ".", "")) = 0, "ETAPA_PRINCIPAL", IF(LEN(A49)-LEN(SUBSTITUTE(A49, ".", "")) = 1, "SUBETAPA", "ITEM_OBRA"))) -> ITEM_OBRA | P49: =IF(O49="ETAPA_PRINCIPAL",M49,0) -> 0 | Q49: =IF($O49="ETAPA_PRINCIPAL",$L49,0) -> 0
A50: 4.2.3 | B50: FÔRMAS - BLOCOS | C50: 96534 | D50: FABRICAÇÃO, MONTAGEM E DESMONTAGEM DE FÔRMA PARA BLOCO DE COROAMENTO, EM MADEIRA SERRADA, E=25 MM, 4 UTILIZAÇÕES. AF_01/2024 | E50: M2 | F50: 165 | I50: =G50+H50 -> 0 | J50: =G50*F50 -> 0 | K50: =H50*F50 -> 0 | L50: =J50+K50 -> 0 | M50: =L50*(1+$M$4) -> 0 | O50: =IF(A50="", "", IF(LEN(A50)-LEN(SUBSTITUTE(A50, ".", "")) = 0, "ETAPA_PRINCIPAL", IF(LEN(A50)-LEN(SUBSTITUTE(A50, ".", "")) = 1, "SUBETAPA", "ITEM_OBRA"))) -> ITEM_OBRA | P50: =IF(O50="ETAPA_PRINCIPAL",M50,0) -> 0 | Q50: =IF($O50="ETAPA_PRINCIPAL",$L50,0) -> 0
A51: 4.2.4 | B51: BLOCO (LASTRO CONCRETO MAGRO 3CM) | C51: 94962 | D51: CONCRETO MAGRO PARA LASTRO, TRAÇO 1:4,5:4,5 (EM MASSA SECA DE CIMENTO/ AREIA MÉDIA/ BRITA 1) - PREPARO MECÂNICO COM BETONEIRA 400 L. AF_05/2021 | E51: M3 | F51: 1.45 | I51: =G51+H51 -> 0 | J51: =G51*F51 -> 0 | K51: =H51*F51 -> 0 | L51: =J51+K51 -> 0 | M51: =L51*(1+$M$4) -> 0 | O51: =IF(A51="", "", IF(LEN(A51)-LEN(SUBSTITUTE(A51, ".", "")) = 0, "ETAPA_PRINCIPAL", IF(LEN(A51)-LEN(SUBSTITUTE(A51, ".", "")) = 1, "SUBETAPA", "ITEM_OBRA"))) -> ITEM_OBRA | P51: =IF(O51="ETAPA_PRINCIPAL",M51,0) -> 0 | Q51: =IF($O51="ETAPA_PRINCIPAL",$L51,0) -> 0
A52: 4.2.5 | B52: ARMADURA DE ARRANQUE DE BLOCOS ESPECIFICOS - BLOCOS - 12,5MM | C52: 104920 | D52: ARMAÇÃO DE BLOCO, SAPATA ISOLADA, VIGA BALDRAME E SAPATA CORRIDA UTILIZANDO AÇO CA-50 DE 12,5 MM - MONTAGEM. AF_01/2024 | E52: KG | F52: 35 | I52: =G52+H52 -> 0 | J52: =G52*F52 -> 0 | K52: =H52*F52 -> 0 | L52: =J52+K52 -> 0 | M52: =L52*(1+$M$4) -> 0 | O52: =IF(A52="", "", IF(LEN(A52)-LEN(SUBSTITUTE(A52, ".", "")) = 0, "ETAPA_PRINCIPAL", IF(LEN(A52)-LEN(SUBSTITUTE(A52, ".", "")) = 1, "SUBETAPA", "ITEM_OBRA"))) -> ITEM_OBRA | P52: =IF(O52="ETAPA_PRINCIPAL",M52,0) -> 0 | Q52: =IF($O52="ETAPA_PRINCIPAL",$L52,0) -> 0
A53: 4.2.6 | B53: ARMADURAS - BLOCOS - 10MM | C53: 96546 | D53: ARMAÇÃO DE BLOCO UTILIZANDO AÇO CA-50 DE 10 MM - MONTAGEM. AF_01/2024 | E53: KG | F53: 50 | I53: =G53+H53 -> 0 | J53: =G53*F53 -> 0 | K53: =H53*F53 -> 0 | L53: =J53+K53 -> 0 | M53: =L53*(1+$M$4) -> 0 | O53: =IF(A53="", "", IF(LEN(A53)-LEN(SUBSTITUTE(A53, ".", "")) = 0, "ETAPA_PRINCIPAL", IF(LEN(A53)-LEN(SUBSTITUTE(A53, ".", "")) = 1, "SUBETAPA", "ITEM_OBRA"))) -> ITEM_OBRA | P53: =IF(O53="ETAPA_PRINCIPAL",M53,0) -> 0 | Q53: =IF($O53="ETAPA_PRINCIPAL",$L53,0) -> 0
A54: 4.2.7 | B54: ARMADURAS - BLOCOS - 8MM | C54: 96545 | D54: ARMAÇÃO DE BLOCO UTILIZANDO AÇO CA-50 DE 8 MM - MONTAGEM. AF_01/2024 | E54: KG | F54: 125 | I54: =G54+H54 -> 0 | J54: =G54*F54 -> 0 | K54: =H54*F54 -> 0 | L54: =J54+K54 -> 0 | M54: =L54*(1+$M$4) -> 0 | O54: =IF(A54="", "", IF(LEN(A54)-LEN(SUBSTITUTE(A54, ".", "")) = 0, "ETAPA_PRINCIPAL", IF(LEN(A54)-LEN(SUBSTITUTE(A54, ".", "")) = 1, "SUBETAPA", "ITEM_OBRA"))) -> ITEM_OBRA | P54: =IF(O54="ETAPA_PRINCIPAL",M54,0) -> 0 | Q54: =IF($O54="ETAPA_PRINCIPAL",$L54,0) -> 0
A55: 4.2.8 | B55: ARMADURAS - BLOCOS - 6,3MM | C55: 96544 | D55: ARMAÇÃO DE BLOCO UTILIZANDO AÇO CA-50 DE 6,3 MM - MONTAGEM. AF_01/2024 | E55: KG | F55: 15 | I55: =G55+H55 -> 0 | J55: =G55*F55 -> 0 | K55: =H55*F55 -> 0 | L55: =J55+K55 -> 0 | M55: =L55*(1+$M$4) -> 0 | O55: =IF(A55="", "", IF(LEN(A55)-LEN(SUBSTITUTE(A55, ".", "")) = 0, "ETAPA_PRINCIPAL", IF(LEN(A55)-LEN(SUBSTITUTE(A55, ".", "")) = 1, "SUBETAPA", "ITEM_OBRA"))) -> ITEM_OBRA | P55: =IF(O55="ETAPA_PRINCIPAL",M55,0) -> 0 | Q55: =IF($O55="ETAPA_PRINCIPAL",$L55,0) -> 0
A56: 4.2.9 | B56: ARMADURAS - BLOCOS - 5MM | C56: 96543 | D56: ARMAÇÃO DE BLOCO UTILIZANDO AÇO CA-60 DE 5 MM - MONTAGEM. AF_01/2024 | E56: KG | F56: 365 | I56: =G56+H56 -> 0 | J56: =G56*F56 -> 0 | K56: =H56*F56 -> 0 | L56: =J56+K56 -> 0 | M56: =L56*(1+$M$4) -> 0 | O56: =IF(A56="", "", IF(LEN(A56)-LEN(SUBSTITUTE(A56, ".", "")) = 0, "ETAPA_PRINCIPAL", IF(LEN(A56)-LEN(SUBSTITUTE(A56, ".", "")) = 1, "SUBETAPA", "ITEM_OBRA"))) -> ITEM_OBRA | P56: =IF(O56="ETAPA_PRINCIPAL",M56,0) -> 0 | Q56: =IF($O56="ETAPA_PRINCIPAL",$L56,0) -> 0
A57: 4.2.10 | B57: CONCRETO - BLOCOS | C57: 96557 | D57: CONCRETAGEM DE BLOCO DE COROAMENTO OU VIGA BALDRAME, FCK 30 MPA, COM USO DE BOMBA - LANÇAMENTO, ADENSAMENTO E ACABAMENTO. AF_01/2024 | E57: M3 | F57: 30 | I57: =G57+H57 -> 0 | J57: =G57*F57 -> 0 | K57: =H57*F57 -> 0 | L57: =J57+K57 -> 0 | M57: =L57*(1+$M$4) -> 0 | O57: =IF(A57="", "", IF(LEN(A57)-LEN(SUBSTITUTE(A57, ".", "")) = 0, "ETAPA_PRINCIPAL", IF(LEN(A57)-LEN(SUBSTITUTE(A57, ".", "")) = 1, "SUBETAPA", "ITEM_OBRA"))) -> ITEM_OBRA | P57: =IF(O57="ETAPA_PRINCIPAL",M57,0) -> 0 | Q57: =IF($O57="ETAPA_PRINCIPAL",$L57,0) -> 0
A58: 4.3 | B58: VIGA BALDRAME | O58: =IF(A58="", "", IF(LEN(A58)-LEN(SUBSTITUTE(A58, ".", "")) = 0, "ETAPA_PRINCIPAL", IF(LEN(A58)-LEN(SUBSTITUTE(A58, ".", "")) = 1, "SUBETAPA", "ITEM_OBRA"))) -> SUBETAPA | P58: =IF(O58="ETAPA_PRINCIPAL",M58,0) -> 0 | Q58: =IF($O58="ETAPA_PRINCIPAL",$L58,0) -> 0
A59: 4.3.1 | B59: ESCAVAÇÃO - BALDRAME | C59: 93358 | D59: ESCAVAÇÃO MANUAL DE VALA. AF_09/2024 | E59: M3 | F59: 70 | I59: =G59+H59 -> 0 | J59: =G59*F59 -> 0 | K59: =H59*F59 -> 0 | L59: =J59+K59 -> 0 | M59: =L59*(1+$M$4) -> 0 | O59: =IF(A59="", "", IF(LEN(A59)-LEN(SUBSTITUTE(A59, ".", "")) = 0, "ETAPA_PRINCIPAL", IF(LEN(A59)-LEN(SUBSTITUTE(A59, ".", "")) = 1, "SUBETAPA", "ITEM_OBRA"))) -> ITEM_OBRA | P59: =IF(O59="ETAPA_PRINCIPAL",M59,0) -> 0 | Q59: =IF($O59="ETAPA_PRINCIPAL",$L59,0) -> 0
A60: 4.3.2 | B60: REATERRO - BALDRAME | C60: 93382 | D60: REATERRO MANUAL DE VALAS, COM COMPACTADOR DE SOLOS DE PERCUSSÃO. AF_08/2023 | E60: M3 | F60: 70 | I60: =G60+H60 -> 0 | J60: =G60*F60 -> 0 | K60: =H60*F60 -> 0 | L60: =J60+K60 -> 0 | M60: =L60*(1+$M$4) -> 0 | O60: =IF(A60="", "", IF(LEN(A60)-LEN(SUBSTITUTE(A60, ".", "")) = 0, "ETAPA_PRINCIPAL", IF(LEN(A60)-LEN(SUBSTITUTE(A60, ".", "")) = 1, "SUBETAPA", "ITEM_OBRA"))) -> ITEM_OBRA | P60: =IF(O60="ETAPA_PRINCIPAL",M60,0) -> 0 | Q60: =IF($O60="ETAPA_PRINCIPAL",$L60,0) -> 0
A61: 4.3.3 | B61: FÔRMAS - BALDRAME | C61: 96536 | D61: FABRICAÇÃO, MONTAGEM E DESMONTAGEM DE FÔRMA PARA VIGA BALDRAME, EM MADEIRA SERRADA, E=25 MM, 4 UTILIZAÇÕES. AF_01/2024 | E61: M2 | F61: 585 | I61: =G61+H61 -> 0 | J61: =G61*F61 -> 0 | K61: =H61*F61 -> 0 | L61: =J61+K61 -> 0 | M61: =L61*(1+$M$4) -> 0 | O61: =IF(A61="", "", IF(LEN(A61)-LEN(SUBSTITUTE(A61, ".", "")) = 0, "ETAPA_PRINCIPAL", IF(LEN(A61)-LEN(SUBSTITUTE(A61, ".", "")) = 1, "SUBETAPA", "ITEM_OBRA"))) -> ITEM_OBRA | P61: =IF(O61="ETAPA_PRINCIPAL",M61,0) -> 0 | Q61: =IF($O61="ETAPA_PRINCIPAL",$L61,0) -> 0
A62: 4.3.4 | B62: BALDRAME (LASTRO EM BRITA) | C62: 96621 | D62: LASTRO COM MATERIAL GRANULAR, APLICAÇÃO EM BLOCOS DE COROAMENTO, ESPESSURA DE *5 CM*. AF_01/2024 | E62: M3 | F62: =(47.7/0.3)*0.05 -> 7.95 | I62: =G62+H62 -> 0 | J62: =G62*F62 -> 0 | K62: =H62*F62 -> 0 | L62: =J62+K62 -> 0 | M62: =L62*(1+$M$4) -> 0 | O62: =IF(A62="", "", IF(LEN(A62)-LEN(SUBSTITUTE(A62, ".", "")) = 0, "ETAPA_PRINCIPAL", IF(LEN(A62)-LEN(SUBSTITUTE(A62, ".", "")) = 1, "SUBETAPA", "ITEM_OBRA"))) -> ITEM_OBRA | P62: =IF(O62="ETAPA_PRINCIPAL",M62,0) -> 0 | Q62: =IF($O62="ETAPA_PRINCIPAL",$L62,0) -> 0
A63: 4.3.5 | B63: ARMADURA - BALDRAME - 12,5MM | C63: 104920 | D63: ARMAÇÃO DE BLOCO, SAPATA ISOLADA, VIGA BALDRAME E SAPATA CORRIDA UTILIZANDO AÇO CA-50 DE 12,5 MM - MONTAGEM. AF_01/2024 | E63: KG | F63: 320 | I63: =G63+H63 -> 0 | J63: =G63*F63 -> 0 | K63: =H63*F63 -> 0 | L63: =J63+K63 -> 0 | M63: =L63*(1+$M$4) -> 0 | O63: =IF(A63="", "", IF(LEN(A63)-LEN(SUBSTITUTE(A63, ".", "")) = 0, "ETAPA_PRINCIPAL", IF(LEN(A63)-LEN(SUBSTITUTE(A63, ".", "")) = 1, "SUBETAPA", "ITEM_OBRA"))) -> ITEM_OBRA | P63: =IF(O63="ETAPA_PRINCIPAL",M63,0) -> 0 | Q63: =IF($O63="ETAPA_PRINCIPAL",$L63,0) -> 0
A64: 4.3.6 | B64: ARMADURA - BALDRAME - 10MM | C64: 104919 | D64: ARMAÇÃO DE SAPATA ISOLADA, VIGA BALDRAME E SAPATA CORRIDA UTILIZANDO AÇO CA-50 DE 10 MM - MONTAGEM. AF_01/2024 | E64: KG | F64: 1105 | I64: =G64+H64 -> 0 | J64: =G64*F64 -> 0 | K64: =H64*F64 -> 0 | L64: =J64+K64 -> 0 | M64: =L64*(1+$M$4) -> 0 | O64: =IF(A64="", "", IF(LEN(A64)-LEN(SUBSTITUTE(A64, ".", "")) = 0, "ETAPA_PRINCIPAL", IF(LEN(A64)-LEN(SUBSTITUTE(A64, ".", "")) = 1, "SUBETAPA", "ITEM_OBRA"))) -> ITEM_OBRA | P64: =IF(O64="ETAPA_PRINCIPAL",M64,0) -> 0 | Q64: =IF($O64="ETAPA_PRINCIPAL",$L64,0) -> 0
A65: 4.3.7 | B65: ARMADURA - BALDRAME - 8MM | C65: 104918 | D65: ARMAÇÃO DE SAPATA ISOLADA, VIGA BALDRAME E SAPATA CORRIDA UTILIZANDO AÇO CA-50 DE 8 MM - MONTAGEM. AF_01/2024 | E65: KG | F65: 565 | I65: =G65+H65 -> 0 | J65: =G65*F65 -> 0 | K65: =H65*F65 -> 0 | L65: =J65+K65 -> 0 | M65: =L65*(1+$M$4) -> 0 | O65: =IF(A65="", "", IF(LEN(A65)-LEN(SUBSTITUTE(A65, ".", "")) = 0, "ETAPA_PRINCIPAL", IF(LEN(A65)-LEN(SUBSTITUTE(A65, ".", "")) = 1, "SUBETAPA", "ITEM_OBRA"))) -> ITEM_OBRA | P65: =IF(O65="ETAPA_PRINCIPAL",M65,0) -> 0 | Q65: =IF($O65="ETAPA_PRINCIPAL",$L65,0) -> 0
A66: 4.3.8 | B66: ARMADURA - BALDRAME - 5MM | C66: 104916 | D66: ARMAÇÃO DE SAPATA ISOLADA, VIGA BALDRAME E SAPATA CORRIDA UTILIZANDO AÇO CA-60 DE 5 MM - MONTAGEM. AF_01/2024 | E66: KG | F66: 740 | I66: =G66+H66 -> 0 | J66: =G66*F66 -> 0 | K66: =H66*F66 -> 0 | L66: =J66+K66 -> 0 | M66: =L66*(1+$M$4) -> 0 | O66: =IF(A66="", "", IF(LEN(A66)-LEN(SUBSTITUTE(A66, ".", "")) = 0, "ETAPA_PRINCIPAL", IF(LEN(A66)-LEN(SUBSTITUTE(A66, ".", "")) = 1, "SUBETAPA", "ITEM_OBRA"))) -> ITEM_OBRA | P66: =IF(O66="ETAPA_PRINCIPAL",M66,0) -> 0 | Q66: =IF($O66="ETAPA_PRINCIPAL",$L66,0) -> 0
A67: 4.3.9 | B67: CONCRETO - BALDRAME | C67: 96557 | D67: CONCRETAGEM DE BLOCO DE COROAMENTO OU VIGA BALDRAME, FCK 30 MPA, COM USO DE BOMBA - LANÇAMENTO, ADENSAMENTO E ACABAMENTO. AF_01/2024 | E67: M3 | F67: 50 | I67: =G67+H67 -> 0 | J67: =G67*F67 -> 0 | K67: =H67*F67 -> 0 | L67: =J67+K67 -> 0 | M67: =L67*(1+$M$4) -> 0 | O67: =IF(A67="", "", IF(LEN(A67)-LEN(SUBSTITUTE(A67, ".", "")) = 0, "ETAPA_PRINCIPAL", IF(LEN(A67)-LEN(SUBSTITUTE(A67, ".", "")) = 1, "SUBETAPA", "ITEM_OBRA"))) -> ITEM_OBRA | P67: =IF(O67="ETAPA_PRINCIPAL",M67,0) -> 0 | Q67: =IF($O67="ETAPA_PRINCIPAL",$L67,0) -> 0
A68: 4.3.10 | B68: IMPERMEABILIZAÇÃO - BLOCO + BALDRAME | C68: 98557 | D68: IMPERMEABILIZAÇÃO DE SUPERFÍCIE COM EMULSÃO ASFÁLTICA, 2 DEMÃOS. AF_09/2023 | E68: M2 | F68: 750 | I68: =G68+H68 -> 0 | J68: =G68*F68 -> 0 | K68: =H68*F68 -> 0 | L68: =J68+K68 -> 0 | M68: =L68*(1+$M$4) -> 0 | O68: =IF(A68="", "", IF(LEN(A68)-LEN(SUBSTITUTE(A68, ".", "")) = 0, "ETAPA_PRINCIPAL", IF(LEN(A68)-LEN(SUBSTITUTE(A68, ".", "")) = 1, "SUBETAPA", "ITEM_OBRA"))) -> ITEM_OBRA | P68: =IF(O68="ETAPA_PRINCIPAL",M68,0) -> 0 | Q68: =IF($O68="ETAPA_PRINCIPAL",$L68,0) -> 0
O69: =IF(A69="", "", IF(LEN(A69)-LEN(SUBSTITUTE(A69, ".", "")) = 0, "ETAPA_PRINCIPAL", IF(LEN(A69)-LEN(SUBSTITUTE(A69, ".", "")) = 1, "SUBETAPA", "ITEM_OBRA"))) | P69: =IF(O69="ETAPA_PRINCIPAL",M69,0) -> 0 | Q69: =IF($O69="ETAPA_PRINCIPAL",$L69,0) -> 0
A70: 5 | B70: SUPERESTRUTURA | J70: =SUM(J72:J93) -> 0 | K70: =SUM(K72:K93) -> 0 | L70: =SUM(L72:L93) -> 0 | M70: =SUM(M72:M93) -> 0 | O70: =IF(A70="", "", IF(LEN(A70)-LEN(SUBSTITUTE(A70, ".", "")) = 0, "ETAPA_PRINCIPAL", IF(LEN(A70)-LEN(SUBSTITUTE(A70, ".", "")) = 1, "SUBETAPA", "ITEM_OBRA"))) -> ETAPA_PRINCIPAL | P70: =IF(O70="ETAPA_PRINCIPAL",M70,0) -> 0 | Q70: =IF($O70="ETAPA_PRINCIPAL",$L70,0) -> 0
A71: 5.1 | B71: PILARES | O71: =IF(A71="", "", IF(LEN(A71)-LEN(SUBSTITUTE(A71, ".", "")) = 0, "ETAPA_PRINCIPAL", IF(LEN(A71)-LEN(SUBSTITUTE(A71, ".", "")) = 1, "SUBETAPA", "ITEM_OBRA"))) -> SUBETAPA | P71: =IF(O71="ETAPA_PRINCIPAL",M71,0) -> 0 | Q71: =IF($O71="ETAPA_PRINCIPAL",$L71,0) -> 0
A72: 5.1 | B72: FÔRMAS - PILARES | C72: 92419 | D72: MONTAGEM E DESMONTAGEM DE FÔRMA DE PILARES RETANGULARES E ESTRUTURAS SIMILARES, PÉ-DIREITO SIMPLES, EM CHAPA DE MADEIRA COMPENSADA RESINADA, 4 UTILIZAÇÕES. AF_09/2020 | E72: M2 | F72: 500 | I72: =G72+H72 -> 0 | J72: =G72*F72 -> 0 | K72: =H72*F72 -> 0 | L72: =J72+K72 -> 0 | M72: =L72*(1+$M$4) -> 0 | O72: =IF(A72="", "", IF(LEN(A72)-LEN(SUBSTITUTE(A72, ".", "")) = 0, "ETAPA_PRINCIPAL", IF(LEN(A72)-LEN(SUBSTITUTE(A72, ".", "")) = 1, "SUBETAPA", "ITEM_OBRA"))) -> SUBETAPA | P72: =IF(O72="ETAPA_PRINCIPAL",M72,0) -> 0 | Q72: =IF($O72="ETAPA_PRINCIPAL",$L72,0) -> 0
A73: 5.2 | B73: ARMADURAS - PILARES - 12,5MM | C73: 92763 | D73: ARMAÇÃO DE PILAR OU VIGA DE ESTRUTURA CONVENCIONAL DE CONCRETO ARMADO UTILIZANDO AÇO CA-50 DE 12,5 MM - MONTAGEM. AF_06/2022 | E73: KG | F73: 60 | I73: =G73+H73 -> 0 | J73: =G73*F73 -> 0 | K73: =H73*F73 -> 0 | L73: =J73+K73 -> 0 | M73: =L73*(1+$M$4) -> 0 | O73: =IF(A73="", "", IF(LEN(A73)-LEN(SUBSTITUTE(A73, ".", "")) = 0, "ETAPA_PRINCIPAL", IF(LEN(A73)-LEN(SUBSTITUTE(A73, ".", "")) = 1, "SUBETAPA", "ITEM_OBRA"))) -> SUBETAPA | P73: =IF(O73="ETAPA_PRINCIPAL",M73,0) -> 0 | Q73: =IF($O73="ETAPA_PRINCIPAL",$L73,0) -> 0
A74: 5.3 | B74: ARMADURAS - PILARES - 10MM | C74: 92762 | D74: ARMAÇÃO DE PILAR OU VIGA DE ESTRUTURA CONVENCIONAL DE CONCRETO ARMADO UTILIZANDO AÇO CA-50 DE 10,0 MM - MONTAGEM. AF_06/2022 | E74: KG | F74: 1905 | I74: =G74+H74 -> 0 | J74: =G74*F74 -> 0 | K74: =H74*F74 -> 0 | L74: =J74+K74 -> 0 | M74: =L74*(1+$M$4) -> 0 | O74: =IF(A74="", "", IF(LEN(A74)-LEN(SUBSTITUTE(A74, ".", "")) = 0, "ETAPA_PRINCIPAL", IF(LEN(A74)-LEN(SUBSTITUTE(A74, ".", "")) = 1, "SUBETAPA", "ITEM_OBRA"))) -> SUBETAPA | P74: =IF(O74="ETAPA_PRINCIPAL",M74,0) -> 0 | Q74: =IF($O74="ETAPA_PRINCIPAL",$L74,0) -> 0
A75: 5.4 | B75: ARMADURAS - PILARES - 5MM | C75: 92759 | D75: ARMAÇÃO DE PILAR OU VIGA DE ESTRUTURA CONVENCIONAL DE CONCRETO ARMADO UTILIZANDO AÇO CA-60 DE 5,0 MM - MONTAGEM. AF_06/2022 | E75: KG | F75: 770 | I75: =G75+H75 -> 0 | J75: =G75*F75 -> 0 | K75: =H75*F75 -> 0 | L75: =J75+K75 -> 0 | M75: =L75*(1+$M$4) -> 0 | O75: =IF(A75="", "", IF(LEN(A75)-LEN(SUBSTITUTE(A75, ".", "")) = 0, "ETAPA_PRINCIPAL", IF(LEN(A75)-LEN(SUBSTITUTE(A75, ".", "")) = 1, "SUBETAPA", "ITEM_OBRA"))) -> SUBETAPA | P75: =IF(O75="ETAPA_PRINCIPAL",M75,0) -> 0 | Q75: =IF($O75="ETAPA_PRINCIPAL",$L75,0) -> 0
A76: 5.5 | B76: CONCRETO - PILARES | C76: 103672 | D76: CONCRETAGEM DE PILARES, FCK = 25 MPA, COM USO DE BOMBA - LANÇAMENTO, ADENSAMENTO E ACABAMENTO. AF_02/2022_PS | E76: M3 | F76: 35 | I76: =G76+H76 -> 0 | J76: =G76*F76 -> 0 | K76: =H76*F76 -> 0 | L76: =J76+K76 -> 0 | M76: =L76*(1+$M$4) -> 0 | O76: =IF(A76="", "", IF(LEN(A76)-LEN(SUBSTITUTE(A76, ".", "")) = 0, "ETAPA_PRINCIPAL", IF(LEN(A76)-LEN(SUBSTITUTE(A76, ".", "")) = 1, "SUBETAPA", "ITEM_OBRA"))) -> SUBETAPA | P76: =IF(O76="ETAPA_PRINCIPAL",M76,0) -> 0 | Q76: =IF($O76="ETAPA_PRINCIPAL",$L76,0) -> 0
A78: 5.2 | B78: VIGAS | O78: =IF(A78="", "", IF(LEN(A78)-LEN(SUBSTITUTE(A78, ".", "")) = 0, "ETAPA_PRINCIPAL", IF(LEN(A78)-LEN(SUBSTITUTE(A78, ".", "")) = 1, "SUBETAPA", "ITEM_OBRA"))) -> SUBETAPA | P78: =IF(O78="ETAPA_PRINCIPAL",M78,0) -> 0 | Q78: =IF($O78="ETAPA_PRINCIPAL",$L78,0) -> 0
A79: 5.2.1 | B79: FÔRMAS - VIGAS | C79: 92455 | D79: MONTAGEM E DESMONTAGEM DE FÔRMA DE VIGA, ESCORAMENTO COM GARFO DE MADEIRA, PÉ-DIREITO SIMPLES, EM CHAPA DE MADEIRA RESINADA, 4 UTILIZAÇÕES. AF_09/2020 | E79: M2 | F79: 825 | I79: =G79+H79 -> 0 | J79: =G79*F79 -> 0 | K79: =H79*F79 -> 0 | L79: =J79+K79 -> 0 | M79: =L79*(1+$M$4) -> 0 | O79: =IF(A79="", "", IF(LEN(A79)-LEN(SUBSTITUTE(A79, ".", "")) = 0, "ETAPA_PRINCIPAL", IF(LEN(A79)-LEN(SUBSTITUTE(A79, ".", "")) = 1, "SUBETAPA", "ITEM_OBRA"))) -> ITEM_OBRA | P79: =IF(O79="ETAPA_PRINCIPAL",M79,0) -> 0 | Q79: =IF($O79="ETAPA_PRINCIPAL",$L79,0) -> 0
A80: 5.2.2 | B80: ARMADURAS - VIGAS - 12,5MM | C80: 92763 | D80: ARMAÇÃO DE PILAR OU VIGA DE ESTRUTURA CONVENCIONAL DE CONCRETO ARMADO UTILIZANDO AÇO CA-50 DE 12,5 MM - MONTAGEM. AF_06/2022 | E80: KG | F80: 1025 | I80: =G80+H80 -> 0 | J80: =G80*F80 -> 0 | K80: =H80*F80 -> 0 | L80: =J80+K80 -> 0 | M80: =L80*(1+$M$4) -> 0 | O80: =IF(A80="", "", IF(LEN(A80)-LEN(SUBSTITUTE(A80, ".", "")) = 0, "ETAPA_PRINCIPAL", IF(LEN(A80)-LEN(SUBSTITUTE(A80, ".", "")) = 1, "SUBETAPA", "ITEM_OBRA"))) -> ITEM_OBRA | P80: =IF(O80="ETAPA_PRINCIPAL",M80,0) -> 0 | Q80: =IF($O80="ETAPA_PRINCIPAL",$L80,0) -> 0
A81: 5.2.3 | B81: ARMADURAS - VIGAS - 10MM | C81: 92762 | D81: ARMAÇÃO DE PILAR OU VIGA DE ESTRUTURA CONVENCIONAL DE CONCRETO ARMADO UTILIZANDO AÇO CA-50 DE 10,0 MM - MONTAGEM. AF_06/2022 | E81: KG | F81: 1560 | I81: =G81+H81 -> 0 | J81: =G81*F81 -> 0 | K81: =H81*F81 -> 0 | L81: =J81+K81 -> 0 | M81: =L81*(1+$M$4) -> 0 | O81: =IF(A81="", "", IF(LEN(A81)-LEN(SUBSTITUTE(A81, ".", "")) = 0, "ETAPA_PRINCIPAL", IF(LEN(A81)-LEN(SUBSTITUTE(A81, ".", "")) = 1, "SUBETAPA", "ITEM_OBRA"))) -> ITEM_OBRA | P81: =IF(O81="ETAPA_PRINCIPAL",M81,0) -> 0 | Q81: =IF($O81="ETAPA_PRINCIPAL",$L81,0) -> 0
A82: 5.2.4 | B82: ARMADURAS - VIGAS - 8MM | C82: 92761 | D82: ARMAÇÃO DE PILAR OU VIGA DE ESTRUTURA CONVENCIONAL DE CONCRETO ARMADO UTILIZANDO AÇO CA-50 DE 8,0 MM - MONTAGEM. AF_06/2022 | E82: KG | F82: 475 | I82: =G82+H82 -> 0 | J82: =G82*F82 -> 0 | K82: =H82*F82 -> 0 | L82: =J82+K82 -> 0 | M82: =L82*(1+$M$4) -> 0 | O82: =IF(A82="", "", IF(LEN(A82)-LEN(SUBSTITUTE(A82, ".", "")) = 0, "ETAPA_PRINCIPAL", IF(LEN(A82)-LEN(SUBSTITUTE(A82, ".", "")) = 1, "SUBETAPA", "ITEM_OBRA"))) -> ITEM_OBRA | P82: =IF(O82="ETAPA_PRINCIPAL",M82,0) -> 0 | Q82: =IF($O82="ETAPA_PRINCIPAL",$L82,0) -> 0
A83: 5.2.5 | B83: ARMADURAS - VIGAS - 5MM | C83: 92759 | D83: ARMAÇÃO DE PILAR OU VIGA DE ESTRUTURA CONVENCIONAL DE CONCRETO ARMADO UTILIZANDO AÇO CA-60 DE 5,0 MM - MONTAGEM. AF_06/2022 | E83: KG | F83: 1205 | I83: =G83+H83 -> 0 | J83: =G83*F83 -> 0 | K83: =H83*F83 -> 0 | L83: =J83+K83 -> 0 | M83: =L83*(1+$M$4) -> 0 | O83: =IF(A83="", "", IF(LEN(A83)-LEN(SUBSTITUTE(A83, ".", "")) = 0, "ETAPA_PRINCIPAL", IF(LEN(A83)-LEN(SUBSTITUTE(A83, ".", "")) = 1, "SUBETAPA", "ITEM_OBRA"))) -> ITEM_OBRA | P83: =IF(O83="ETAPA_PRINCIPAL",M83,0) -> 0 | Q83: =IF($O83="ETAPA_PRINCIPAL",$L83,0) -> 0
A84: 5.2.6 | B84: CONCRETO - VIGAS | C84: 103674 | D84: CONCRETAGEM DE VIGAS E LAJES, FCK=25 MPA, PARA LAJES PREMOLDADAS COM USO DE BOMBA - LANÇAMENTO, ADENSAMENTO E ACABAMENTO. AF_02/2022_PS | E84: M3 | F84: 75 | I84: =G84+H84 -> 0 | J84: =G84*F84 -> 0 | K84: =H84*F84 -> 0 | L84: =J84+K84 -> 0 | M84: =L84*(1+$M$4) -> 0 | O84: =IF(A84="", "", IF(LEN(A84)-LEN(SUBSTITUTE(A84, ".", "")) = 0, "ETAPA_PRINCIPAL", IF(LEN(A84)-LEN(SUBSTITUTE(A84, ".", "")) = 1, "SUBETAPA", "ITEM_OBRA"))) -> ITEM_OBRA | P84: =IF(O84="ETAPA_PRINCIPAL",M84,0) -> 0 | Q84: =IF($O84="ETAPA_PRINCIPAL",$L84,0) -> 0
A86: 5.3 | B86: LAJES | O86: =IF(A86="", "", IF(LEN(A86)-LEN(SUBSTITUTE(A86, ".", "")) = 0, "ETAPA_PRINCIPAL", IF(LEN(A86)-LEN(SUBSTITUTE(A86, ".", "")) = 1, "SUBETAPA", "ITEM_OBRA"))) -> SUBETAPA | P86: =IF(O86="ETAPA_PRINCIPAL",M86,0) -> 0 | Q86: =IF($O86="ETAPA_PRINCIPAL",$L86,0) -> 0
A87: 5.3.1 | B87: LAJE - VIGOTA TRELI. 16 CM (12+4) | C87: 101952 | D87: LAJE PRÉ-MOLDADA UNIDIRECIONAL, BIAPOIADA, PARA PISO, ENCHIMENTO EM EPS, VIGOTA TRELIÇADA, ALTURA TOTAL DA LAJE "LT" = 16 CM (ENCHIMENTO+CAPA) = (12+4). AF_08/2025 | E87: M2 | F87: 25 | I87: =G87+H87 -> 0 | J87: =G87*F87 -> 0 | K87: =H87*F87 -> 0 | L87: =J87+K87 -> 0 | M87: =L87*(1+$M$4) -> 0 | O87: =IF(A87="", "", IF(LEN(A87)-LEN(SUBSTITUTE(A87, ".", "")) = 0, "ETAPA_PRINCIPAL", IF(LEN(A87)-LEN(SUBSTITUTE(A87, ".", "")) = 1, "SUBETAPA", "ITEM_OBRA"))) -> ITEM_OBRA | P87: =IF(O87="ETAPA_PRINCIPAL",M87,0) -> 0 | Q87: =IF($O87="ETAPA_PRINCIPAL",$L87,0) -> 0
A88: 5.3.2 | B88: MONTAGEM DE LAJE MACIÇA (12 CM) | C88: 92486 | D88: MONTAGEM E DESMONTAGEM DE FÔRMA DE LAJE MACIÇA, PÉ-DIREITO SIMPLES, EM MADEIRA SERRADA, 4 UTILIZAÇÕES. AF_09/2020 | E88: M2 | F88: 40 | I88: =G88+H88 -> 0 | J88: =G88*F88 -> 0 | K88: =H88*F88 -> 0 | L88: =J88+K88 -> 0 | M88: =L88*(1+$M$4) -> 0 | O88: =IF(A88="", "", IF(LEN(A88)-LEN(SUBSTITUTE(A88, ".", "")) = 0, "ETAPA_PRINCIPAL", IF(LEN(A88)-LEN(SUBSTITUTE(A88, ".", "")) = 1, "SUBETAPA", "ITEM_OBRA"))) -> ITEM_OBRA | P88: =IF(O88="ETAPA_PRINCIPAL",M88,0) -> 0 | Q88: =IF($O88="ETAPA_PRINCIPAL",$L88,0) -> 0
A89: 5.3.3 | B89: LAJE - ARMAÇÃO MÍNIMA ESPÇAMENTO A CADA 12CM MALHA DE 5,0 MM | C89: 92768 | D89: ARMAÇÃO DE LAJE DE ESTRUTURA CONVENCIONAL DE CONCRETO ARMADO UTILIZANDO AÇO CA-60 DE 5,0 MM - MONTAGEM. AF_06/2022 | E89: KG | F89: 115 | I89: =G89+H89 -> 0 | J89: =G89*F89 -> 0 | K89: =H89*F89 -> 0 | L89: =J89+K89 -> 0 | M89: =L89*(1+$M$4) -> 0 | O89: =IF(A89="", "", IF(LEN(A89)-LEN(SUBSTITUTE(A89, ".", "")) = 0, "ETAPA_PRINCIPAL", IF(LEN(A89)-LEN(SUBSTITUTE(A89, ".", "")) = 1, "SUBETAPA", "ITEM_OBRA"))) -> ITEM_OBRA | P89: =IF(O89="ETAPA_PRINCIPAL",M89,0) -> 0 | Q89: =IF($O89="ETAPA_PRINCIPAL",$L89,0) -> 0
A90: 5.3.4 | B90: CONCRETO - LAJES | C90: 103674 | D90: CONCRETAGEM DE VIGAS E LAJES, FCK=25 MPA, PARA LAJES PREMOLDADAS COM USO DE BOMBA - LANÇAMENTO, ADENSAMENTO E ACABAMENTO. AF_02/2022_PS | E90: M3 | F90: 5 | I90: =G90+H90 -> 0 | J90: =G90*F90 -> 0 | K90: =H90*F90 -> 0 | L90: =J90+K90 -> 0 | M90: =L90*(1+$M$4) -> 0 | O90: =IF(A90="", "", IF(LEN(A90)-LEN(SUBSTITUTE(A90, ".", "")) = 0, "ETAPA_PRINCIPAL", IF(LEN(A90)-LEN(SUBSTITUTE(A90, ".", "")) = 1, "SUBETAPA", "ITEM_OBRA"))) -> ITEM_OBRA | P90: =IF(O90="ETAPA_PRINCIPAL",M90,0) -> 0 | Q90: =IF($O90="ETAPA_PRINCIPAL",$L90,0) -> 0
A92: 5.4 | B92: EXECUÇÃO DE ACABAMENTO DE JUNTAS DE DILATAÇÃO | O92: =IF(A92="", "", IF(LEN(A92)-LEN(SUBSTITUTE(A92, ".", "")) = 0, "ETAPA_PRINCIPAL", IF(LEN(A92)-LEN(SUBSTITUTE(A92, ".", "")) = 1, "SUBETAPA", "ITEM_OBRA"))) -> SUBETAPA | P92: =IF(O92="ETAPA_PRINCIPAL",M92,0) -> 0 | Q92: =IF($O92="ETAPA_PRINCIPAL",$L92,0) -> 0
A93: 5.4.1 | B93: ACABAMENTO DE JUNTA DE DILAÇÃO (PISO+TODOS PILARES+TETO) | C93: 98575 | D93: TRATAMENTO DE JUNTA DE DILATAÇÃO, COM TARUGO DE POLIETILENO E SELANTE PU, INCLUSO PREENCHIMENTO COM ESPUMA EXPANSIVA PU. AF_09/2023 | E93: M | F93: 105 | I93: =G93+H93 -> 0 | J93: =G93*F93 -> 0 | K93: =H93*F93 -> 0 | L93: =J93+K93 -> 0 | M93: =L93*(1+$M$4) -> 0 | O93: =IF(A93="", "", IF(LEN(A93)-LEN(SUBSTITUTE(A93, ".", "")) = 0, "ETAPA_PRINCIPAL", IF(LEN(A93)-LEN(SUBSTITUTE(A93, ".", "")) = 1, "SUBETAPA", "ITEM_OBRA"))) -> ITEM_OBRA | P93: =IF(O93="ETAPA_PRINCIPAL",M93,0) -> 0 | Q93: =IF($O93="ETAPA_PRINCIPAL",$L93,0) -> 0
O94: =IF(A94="", "", IF(LEN(A94)-LEN(SUBSTITUTE(A94, ".", "")) = 0, "ETAPA_PRINCIPAL", IF(LEN(A94)-LEN(SUBSTITUTE(A94, ".", "")) = 1, "SUBETAPA", "ITEM_OBRA"))) | P94: =IF(O94="ETAPA_PRINCIPAL",M94,0) -> 0 | Q94: =IF($O94="ETAPA_PRINCIPAL",$L94,0) -> 0
A95: 6 | B95: RAMPA DE ACESSO | J95: =SUM(J97:J123) -> 0 | K95: =SUM(K97:K123) -> 0 | L95: =SUM(L97:L123) -> 0 | M95: =SUM(M97:M123) -> 0 | O95: =IF(A95="", "", IF(LEN(A95)-LEN(SUBSTITUTE(A95, ".", "")) = 0, "ETAPA_PRINCIPAL", IF(LEN(A95)-LEN(SUBSTITUTE(A95, ".", "")) = 1, "SUBETAPA", "ITEM_OBRA"))) -> ETAPA_PRINCIPAL | P95: =IF(O95="ETAPA_PRINCIPAL",M95,0) -> 0 | Q95: =IF($O95="ETAPA_PRINCIPAL",$L95,0) -> 0
A96: 6.1 | B96: TERRENO | O96: =IF(A96="", "", IF(LEN(A96)-LEN(SUBSTITUTE(A96, ".", "")) = 0, "ETAPA_PRINCIPAL", IF(LEN(A96)-LEN(SUBSTITUTE(A96, ".", "")) = 1, "SUBETAPA", "ITEM_OBRA"))) -> SUBETAPA | P96: =IF(O96="ETAPA_PRINCIPAL",M96,0) -> 0 | Q96: =IF($O96="ETAPA_PRINCIPAL",$L96,0) -> 0
A97: 6.1 | B97: LIMPEZA LOCAL | C97: 98524 | D97: LIMPEZA MANUAL DE VEGETAÇÃO EM TERRENO COM ENXADA.AF_05/2018 | E97: m² | F97: 50 | I97: =G97+H97 -> 0 | J97: =G97*F97 -> 0 | K97: =H97*F97 -> 0 | L97: =I97*F97 -> 0 | M97: =ROUND(L97*(1+$M$4),2) -> 0 | O97: =IF(A97="", "", IF(LEN(A97)-LEN(SUBSTITUTE(A97, ".", "")) = 0, "ETAPA_PRINCIPAL", IF(LEN(A97)-LEN(SUBSTITUTE(A97, ".", "")) = 1, "SUBETAPA", "ITEM_OBRA"))) -> SUBETAPA | P97: =IF(O97="ETAPA_PRINCIPAL",M97,0) -> 0 | Q97: =IF($O97="ETAPA_PRINCIPAL",$L97,0) -> 0
A98: 6.2 | B98: MOVIMENTO DE TERRA - CORTE E ATERRO | C98: 96521 ADAP | D98: ESCAVAÇÃO MECANIZADA COM RETROESCAVADEIRA (INCLUINDO ESCAVAÇÃO PARA COLOCAÇÃO DE FÔRMAS). AF_06/2017 | E98: m³ | F98: 35 | I98: =G98+H98 -> 0 | J98: =G98*F98 -> 0 | K98: =H98*F98 -> 0 | L98: =I98*F98 -> 0 | M98: =ROUND(L98*(1+$M$4),2) -> 0 | O98: =IF(A98="", "", IF(LEN(A98)-LEN(SUBSTITUTE(A98, ".", "")) = 0, "ETAPA_PRINCIPAL", IF(LEN(A98)-LEN(SUBSTITUTE(A98, ".", "")) = 1, "SUBETAPA", "ITEM_OBRA"))) -> SUBETAPA | P98: =IF(O98="ETAPA_PRINCIPAL",M98,0) -> 0 | Q98: =IF($O98="ETAPA_PRINCIPAL",$L98,0) -> 0
A99: 6.3 | B99: MOVIMENTO DE TERRA - CORTE E ATERRO | C99: 93382 | D99: REATERRO MANUAL DE VALAS COM COMPACTAÇÃO MECANIZADA. AF_04/2016 | E99: M³ | F99: 35 | I99: =G99+H99 -> 0 | J99: =G99*F99 -> 0 | K99: =H99*F99 -> 0 | L99: =I99*F99 -> 0 | M99: =ROUND(L99*(1+$M$4),2) -> 0 | O99: =IF(A99="", "", IF(LEN(A99)-LEN(SUBSTITUTE(A99, ".", "")) = 0, "ETAPA_PRINCIPAL", IF(LEN(A99)-LEN(SUBSTITUTE(A99, ".", "")) = 1, "SUBETAPA", "ITEM_OBRA"))) -> SUBETAPA | P99: =IF(O99="ETAPA_PRINCIPAL",M99,0) -> 0 | Q99: =IF($O99="ETAPA_PRINCIPAL",$L99,0) -> 0
O100: =IF(A100="", "", IF(LEN(A100)-LEN(SUBSTITUTE(A100, ".", "")) = 0, "ETAPA_PRINCIPAL", IF(LEN(A100)-LEN(SUBSTITUTE(A100, ".", "")) = 1, "SUBETAPA", "ITEM_OBRA"))) | P100: =IF(O100="ETAPA_PRINCIPAL",M100,0) -> 0 | Q100: =IF($O100="ETAPA_PRINCIPAL",$L100,0) -> 0
A101: 6.2 | B101: ESTRUTURA | O101: =IF(A101="", "", IF(LEN(A101)-LEN(SUBSTITUTE(A101, ".", "")) = 0, "ETAPA_PRINCIPAL", IF(LEN(A101)-LEN(SUBSTITUTE(A101, ".", "")) = 1, "SUBETAPA", "ITEM_OBRA"))) -> SUBETAPA | P101: =IF(O101="ETAPA_PRINCIPAL",M101,0) -> 0 | Q101: =IF($O101="ETAPA_PRINCIPAL",$L101,0) -> 0
A102: 6.4 | B102: FUNDAÇÃO | C102: 101173 | D102: ESTACA BROCA DE CONCRETO, DIÂMETRO DE 20CM, ESCAVAÇÃO MANUAL COM TRADO CONCHA, COM ARMADURA DE ARRANQUE. AF_05/2020 | E102: m | F102: 50 | I102: =G102+H102 -> 0 | J102: =G102*F102 -> 0 | K102: =H102*F102 -> 0 | L102: =I102*F102 -> 0 | M102: =ROUND(L102*(1+$M$4),2) -> 0 | O102: =IF(A102="", "", IF(LEN(A102)-LEN(SUBSTITUTE(A102, ".", "")) = 0, "ETAPA_PRINCIPAL", IF(LEN(A102)-LEN(SUBSTITUTE(A102, ".", "")) = 1, "SUBETAPA", "ITEM_OBRA"))) -> SUBETAPA | P102: =IF(O102="ETAPA_PRINCIPAL",M102,0) -> 0 | Q102: =IF($O102="ETAPA_PRINCIPAL",$L102,0) -> 0
A103: 6.5 | B103: IMPERMEABILIZAÇÃO ARRIMOS | C103: 98557 | D103: IMPERMEABILIZAÇÃO DE SUPERFÍCIE COM EMULSÃO ASFÁLTICA, 2 DEMÃOS AF_06/2018 | E103: m² | F103: 40 | I103: =G103+H103 -> 0 | J103: =G103*F103 -> 0 | K103: =H103*F103 -> 0 | L103: =I103*F103 -> 0 | M103: =ROUND(L103*(1+$M$4),2) -> 0 | O103: =IF(A103="", "", IF(LEN(A103)-LEN(SUBSTITUTE(A103, ".", "")) = 0, "ETAPA_PRINCIPAL", IF(LEN(A103)-LEN(SUBSTITUTE(A103, ".", "")) = 1, "SUBETAPA", "ITEM_OBRA"))) -> SUBETAPA | P103: =IF(O103="ETAPA_PRINCIPAL",M103,0) -> 0 | Q103: =IF($O103="ETAPA_PRINCIPAL",$L103,0) -> 0
A104: 6.6 | B104: FORMAS PILARES E VIGAS | C104: 92419 | D104: MONTAGEM E DESMONTAGEM DE FÔRMA DE PILARES RETANGULARES E ESTRUTURAS SIMILARES, PÉ-DIREITO SIMPLES, EM CHAPA DE MADEIRA COMPENSADA RESINADA, 4 UTILIZAÇÕES. AF_09/2020 | E104: M² | F104: =(36+109)*(0.2+0.2)/4 -> 14.5 | I104: =G104+H104 -> 0 | J104: =G104*F104 -> 0 | K104: =H104*F104 -> 0 | L104: =I104*F104 -> 0 | M104: =ROUND(L104*(1+$M$4),2) -> 0 | O104: =IF(A104="", "", IF(LEN(A104)-LEN(SUBSTITUTE(A104, ".", "")) = 0, "ETAPA_PRINCIPAL", IF(LEN(A104)-LEN(SUBSTITUTE(A104, ".", "")) = 1, "SUBETAPA", "ITEM_OBRA"))) -> SUBETAPA | P104: =IF(O104="ETAPA_PRINCIPAL",M104,0) -> 0 | Q104: =IF($O104="ETAPA_PRINCIPAL",$L104,0) -> 0
A105: 6.7 | B105: CONCRETO PILARES E VIGAS | C105: 94971 | D105: CONCRETO FCK = 25MPA, TRAÇO 1:2,3:2,7 (EM MASSA SECA DE CIMENTO/ AREIA MÉDIA/ BRITA 1) - PREPARO MECÂNICO COM BETONEIRA 600 L. AF_05/2021 | E105: M³ | F105: 5.5 | I105: =G105+H105 -> 0 | J105: =G105*F105 -> 0 | K105: =H105*F105 -> 0 | L105: =I105*F105 -> 0 | M105: =ROUND(L105*(1+$M$4),2) -> 0 | O105: =IF(A105="", "", IF(LEN(A105)-LEN(SUBSTITUTE(A105, ".", "")) = 0, "ETAPA_PRINCIPAL", IF(LEN(A105)-LEN(SUBSTITUTE(A105, ".", "")) = 1, "SUBETAPA", "ITEM_OBRA"))) -> SUBETAPA | P105: =IF(O105="ETAPA_PRINCIPAL",M105,0) -> 0 | Q105: =IF($O105="ETAPA_PRINCIPAL",$L105,0) -> 0
A106: 6.8 | B106: AÇO ESTRIBO PILARES E VIGAS | C106: 92759 | D106: ARMAÇÃO DE PILAR OU VIGA DE ESTRUTURA CONVENCIONAL DE CONCRETO ARMADO UTILIZANDO AÇO CA-60 DE 5,0 MM - MONTAGEM. AF_06/2022 | E106: KG | F106: 80 | I106: =G106+H106 -> 0 | J106: =G106*F106 -> 0 | K106: =H106*F106 -> 0 | L106: =I106*F106 -> 0 | M106: =ROUND(L106*(1+$M$4),2) -> 0 | O106: =IF(A106="", "", IF(LEN(A106)-LEN(SUBSTITUTE(A106, ".", "")) = 0, "ETAPA_PRINCIPAL", IF(LEN(A106)-LEN(SUBSTITUTE(A106, ".", "")) = 1, "SUBETAPA", "ITEM_OBRA"))) -> SUBETAPA | P106: =IF(O106="ETAPA_PRINCIPAL",M106,0) -> 0 | Q106: =IF($O106="ETAPA_PRINCIPAL",$L106,0) -> 0
A107: 6.9 | B107: AÇO VIGAS | C107: 92761 | D107: ARMAÇÃO DE PILAR OU VIGA DE ESTRUTURA CONVENCIONAL DE CONCRETO ARMADO UTILIZANDO AÇO CA-50 DE 8,0 MM - MONTAGEM. AF_06/2022 | E107: KG | F107: 175 | I107: =G107+H107 -> 0 | J107: =G107*F107 -> 0 | K107: =H107*F107 -> 0 | L107: =I107*F107 -> 0 | M107: =ROUND(L107*(1+$M$4),2) -> 0 | O107: =IF(A107="", "", IF(LEN(A107)-LEN(SUBSTITUTE(A107, ".", "")) = 0, "ETAPA_PRINCIPAL", IF(LEN(A107)-LEN(SUBSTITUTE(A107, ".", "")) = 1, "SUBETAPA", "ITEM_OBRA"))) -> SUBETAPA | P107: =IF(O107="ETAPA_PRINCIPAL",M107,0) -> 0 | Q107: =IF($O107="ETAPA_PRINCIPAL",$L107,0) -> 0
...

Sheet COMPOSIÇÕES
D3: UNIVERSIDADE ESTADUAL DO NORTE DO PARANÁ
D4: CNPJ: 08.885.100/0001-54
D5: OBRA : CENTRAL DE PÓS-GRADUAÇÃO
D6: Local: Campus Jacarezinho - CJ
D7: Data do orçamento: SETEMBRO/2026
D8: SINAPI_Referência_2026_07_não_Desonerada
D10: INSERIR DADOS DA EMPRESA
A12: COMPOSIÇÕES UENP - BASE SINAPI
A15: 01. KIT DE PORTA-PRONTA DE MADEIRA EM ACABAMENTO MELAMÍNICO BRANCO, FOLHA LEVE OU MÉDIA, E BATENTE METÁLICO, 90X210CM, COM REVESTIMENTO RESISTENTE A IMPACTOS (90X40CM), FIXAÇÃO COM ARGAMASSA - FORNECIMENTO E INSTALAÇÃO. AF_12/2019
A16: DESC. | B16: P02 - VER PROJETO | H16: UNIDADE | I16: UN
B17: COD | C17: SERVIÇO | D17: UN | E17: QTD | F17: VALOR MAT+EQ | G17: VALOR M.O | H17: VALOR UN | I17: VT MAT+EQ | J17: VT M.O | K17: VT
A18: INSUMO | B18: 39485 | C18: KIT PORTA PRONTA DE MADEIRA, FOLHA LEVE (NBR 15930) DE 900 X 2100 MM, DE 35 MM A 40 MM DE ESPESSURA, COM MARCO EM ACO, NUCLEO COLMEIA, CAPA LISA EM HDF, ACABAMENTO MELAMINICO BRANCO (INCLUI MARCO, ALIZARES, DOBRADICAS E FECHADURA) | D18: UN | E18: 1 | H18: =F18+G18 -> 0 | I18: =F18*E18 -> 0 | J18: =G18*E18 -> 0 | K18: =I18+J18 -> 0
A19: COMPOSICAO | B19: 88261 | C19: CARPINTEIRO DE ESQUADRIA COM ENCARGOS COMPLEMENTARES | D19: H | E19: 0.327 | H19: =F19+G19 -> 0 | I19: =F19*E19 -> 0 | J19: =G19*E19 -> 0 | K19: =I19+J19 -> 0
A20: COMPOSICAO | B20: 88309 | C20: PEDREIRO COM ENCARGOS COMPLEMENTARES | D20: H | E20: 2.024 | H20: =F20+G20 -> 0 | I20: =F20*E20 -> 0 | J20: =G20*E20 -> 0 | K20: =I20+J20 -> 0
A21: COMPOSICAO | B21: 88316 | C21: SERVENTE COM ENCARGOS COMPLEMENTARES | D21: H | E21: 1.5 | H21: =F21+G21 -> 0 | I21: =F21*E21 -> 0 | J21: =G21*E21 -> 0 | K21: =I21+J21 -> 0
A22: COMPOSICAO | B22: 88629 | C22: ARGAMASSA TRAÇO 1:3 (EM VOLUME DE CIMENTO E AREIA MÉDIA ÚMIDA), PREPARO MANUAL. AF_07/2026 | D22: M3 | E22: 0.0229 | H22: =F22+G22 -> 0 | I22: =F22*E22 -> 0 | J22: =G22*E22 -> 0 | K22: =I22+J22 -> 0
A23: INSUMO | B23: 12759 | C23: CHAPA ACO INOX AISI 304 NUMERO 9 (E = 4 MM), ACABAMENTO NUMERO 1 (LAMINADO A QUENTE, FOSCO) | D23: M2 | E23: =0.4*0.9 -> 0.36 | H23: =F23+G23 -> 0 | I23: =F23*E23 -> 0 | J23: =G23*E23 -> 0 | K23: =I23+J23 -> 0
A24: INSUMO | B24: 4791 | C24: ADESIVO ACRILICO DE BASE AQUOSA / COLA DE CONTATO | D24: KG | E24: 0.01 | H24: =F24+G24 -> 0 | I24: =F24*E24 -> 0 | J24: =G24*E24 -> 0 | K24: =I24+J24 -> 0
A25: INSUMO | B25: 20017 | C25: GUARNICAO / ALIZAR / VISTA LISA EM MADEIRA MACICA, PARA PORTA, E = *1* CM, L = *5* CM, CEDRINHO / ANGELIM COMERCIAL / TAURI/ CURUPIXA / PEROBA / CUMARU OU EQUIVALENTE DA REGIAO | D25: M | E25: 10.4 | H25: =F25+G25 -> 0 | I25: =F25*E25 -> 0 | J25: =G25*E25 -> 0 | K25: =I25+J25 -> 0
I26: =SUM(I18:I25) -> 0 | J26: =SUM(J18:J25) -> 0 | K26: =SUM(K18:K25) -> 0
A28: 02.PORTA DE MADEIRA, FOLHA MEDIA (NBR 15930) DE 100 X 2100 MM, DE 35 MM A 40 MM DE ESPESSURA, NUCLEO SEMI-SOLIDO (SARRAFEADO), CAPA LISA EM HDF, ACABAMENTO EM PRIMER PARA PINTURA
A29: DESC. | B29: P11 - VER PROJETO | H29: UNIDADE | I29: UN
B30: COD | C30: SERVIÇO | D30: UN | E30: QTD | F30: VALOR MAT+EQ | G30: VALOR M.O | H30: VALOR UN | I30: VT MAT+EQ | J30: VT M.O | K30: VT
A31: COMPOSICAO | B31: 88261 | C31: CARPINTEIRO DE ESQUADRIA COM ENCARGOS COMPLEMENTARES | D31: H | E31: 1.5 | H31: =F31+G31 -> 0 | I31: =F31*E31 -> 0 | J31: =G31*E31 -> 0 | K31: =I31+J31 -> 0
A32: COMPOSICAO | B32: 88316 | C32: SERVENTE COM ENCARGOS COMPLEMENTARES | D32: H | E32: 5.32 | H32: =F32+G32 -> 0 | I32: =F32*E32 -> 0 | J32: =G32*E32 -> 0 | K32: =I32+J32 -> 0
A33: INSUMO | B33: 10556 | C33: (ADAPTADO PARA 100 X 210 CM) PORTA DE MADEIRA, FOLHA MEDIA (NBR 15930) DE 900 X 2100 MM, DE 35 MM A 40 MM DE ESPESSURA, NUCLEO SEMI-SOLIDO (SARRAFEADO), CAPA LISA EM HDF, ACABAMENTO EM PRIMER PARA PINTURA | D33: UN | E33: 1.11 | H33: =F33+G33 -> 0 | I33: =F33*E33 -> 0 | J33: =G33*E33 -> 0 | K33: =I33+J33 -> 0
A34: INSUMO | B34: 20017 | C34: GUARNICAO / ALIZAR / VISTA LISA EM MADEIRA MACICA, PARA PORTA, E = *1* CM, L = *5* CM, CEDRINHO / ANGELIM COMERCIAL / TAURI/ CURUPIXA / PEROBA / CUMARU OU EQUIVALENTE DA REGIAO | D34: M | E34: 10.4 | H34: =F34+G34 -> 0 | I34: =F34*E34 -> 0 | J34: =G34*E34 -> 0 | K34: =I34+J34 -> 0
A35: INSUMO | B35: 11581 | C35: TRILHO PANTOGRAFICO CONCAVO, TIPO U, EM ALUMINIO, COM DIMENSOES DE APROX *35 X 35* MM, PARA ROLDANA DE PORTA DE CORRER | D35: M | E35: 2.05 | H35: =F35+G35 -> 0 | I35: =F35*E35 -> 0 | J35: =G35*E35 -> 0 | K35: =I35+J35 -> 0
A36: INSUMO | B36: 11575 | C36: ROLDANA CONCAVA DUPLA, 4 RODAS, EM ZAMAC COM CHAPA DE LATAO, ROLAMENTOS EM ACO, PARA PORTAS E JANELAS DE CORRER | D36: UN | E36: 1 | H36: =F36+G36 -> 0 | I36: =F36*E36 -> 0 | J36: =G36*E36 -> 0 | K36: =I36+J36 -> 0
A37: INSUMO | B37: 43612 | C37: FECHADURA BICO DE PAPAGAIO PARA PORTA DE CORRER EXTERNA, EM ACO INOX COM ACABAMENTO CROMADO, MAQUINA COM 45 MM, INCLUINDO CHAVE TIPO CILINDRO | D37: CJ | E37: 1 | H37: =F37+G37 -> 0 | I37: =F37*E37 -> 0 | J37: =G37*E37 -> 0 | K37: =I37+J37 -> 0
I38: =SUM(I31:I37) -> 0 | J38: =SUM(J31:J37) -> 0 | K38: =SUM(K31:K37) -> 0
A40: 03. PORTA DE ALUMÍNIO DE ABRIR PARA VIDRO SEM GUARNIÇÃO, FIXAÇÃO COM PARAFUSOS, INCLUSIVE VIDROS - FORNECIMENTO E INSTALAÇÃO. AF_12/2019
A41: DESC. | B41: P08 - VER PROJETO | H41: UNIDADE | I41: M2
B42: COD | C42: SERVIÇO | D42: UN | E42: QTD | F42: VALOR MAT+EQ | G42: VALOR M.O | H42: VALOR UN | I42: VT MAT+EQ | J42: VT M.O | K42: VT
A43: INSUMO | B43: 142 | C43: SELANTE ELASTICO MONOCOMPONENTE A BASE DE POLIURETANO (PU) PARA JUNTAS DIVERSAS | D43: 310ML | E43: 0.89 | H43: =F43+G43 -> 0 | I43: =F43*E43 -> 0 | J43: =G43*E43 -> 0 | K43: =I43+J43 -> 0
A44: INSUMO | B44: 7568 | C44: BUCHA DE NYLON SEM ABA S10, COM PARAFUSO DE 6,10 X 65 MM EM ACO ZINCADO COM ROSCA SOBERBA, CABECA CHATA E FENDA PHILLIPS | D44: UN | E44: 4.84 | H44: =F44+G44 -> 0 | I44: =F44*E44 -> 0 | J44: =G44*E44 -> 0 | K44: =I44+J44 -> 0
A45: INSUMO | B45: 39024 | C45: (ADAPTADO PARA 150 X 280 CM) PORTA DE ABRIR EM ALUMINIO COM DIVISAO HORIZONTAL PARA VIDROS, ACABAMENTO ANODIZADO NATURAL, VIDROS INCLUSOS, SEM GUARNICAO/ALIZAR/VISTA , 87 X 210 CM | D45: UN | E45: 0.55 | H45: =F45+G45 -> 0 | I45: =F45*E45 -> 0 | J45: =G45*E45 -> 0 | K45: =I45+J45 -> 0
A46: COMPOSICAO | B46: 88309 | C46: PEDREIRO COM ENCARGOS COMPLEMENTARES | D46: H | E46: 0.36 | H46: =F46+G46 -> 0 | I46: =F46*E46 -> 0 | J46: =G46*E46 -> 0 | K46: =I46+J46 -> 0
A47: COMPOSICAO | B47: 88316 | C47: SERVENTE COM ENCARGOS COMPLEMENTARES | D47: H | E47: 0.18 | H47: =F47+G47 -> 0 | I47: =F47*E47 -> 0 | J47: =G47*E47 -> 0 | K47: =I47+J47 -> 0
A48: INSUMO | B48: 36888 | C48: GUARNICAO / MOLDURA / ARREMATE DE ACABAMENTO PARA ESQUADRIA, EM ALUMINIO PERFIL 25, ACABAMENTO ANODIZADO BRANCO OU BRILHANTE, PARA 1 FACE | D48: M | E48: =2.202*E46 -> 0.79272 | H48: =F48+G48 -> 0 | I48: =F48*E48 -> 0 | J48: =G48*E48 -> 0 | K48: =I48+J48 -> 0
I49: =SUM(I43:I48) -> 0 | J49: =SUM(J43:J48) -> 0 | K49: =SUM(K43:K48) -> 0
A51: 04. PORTA DE CORRER EM ALUMINIO, DUAS FOLHAS MOVEIS COM VIDRO, FECHADURA E PUXADOR EMBUTIDO, ACABAMENTO ANODIZADO NATURAL, SEM GUARNICAO/ALIZAR/VISTA
A52: DESC. | B52: P07, P09, P10 - VER PROJETO | H52: UNIDADE | I52: UN
B53: COD | C53: SERVIÇO | D53: UN | E53: QTD | F53: VALOR MAT+EQ | G53: VALOR M.O | H53: VALOR UN | I53: VT MAT+EQ | J53: VT M.O | K53: VT
A54: INSUMO | B54: 142 | C54: SELANTE ELASTICO MONOCOMPONENTE A BASE DE POLIURETANO (PU) PARA JUNTAS DIVERSAS | D54: 310ML | E54: =0.0637*7.95 -> 0.506415 | H54: =F54+G54 -> 0 | I54: =F54*E54 -> 0 | J54: =G54*E54 -> 0 | K54: =I54+J54 -> 0
A55: INSUMO | B55: 4922 ADAPTADO | C55: (ADAPTADO PARA QUATRO FOLHAS) PORTA DE CORRER EM ALUMINIO, DUAS FOLHAS MOVEIS COM VIDRO, FECHADURA E PUXADOR EMBUTIDO, ACABAMENTO ANODIZADO NATURAL, SEM GUARNICAO/ALIZAR/VISTA | D55: M2 | E55: 7.95 | H55: =F55+G55 -> 0 | I55: =F55*E55 -> 0 | J55: =G55*E55 -> 0 | K55: =I55+J55 -> 0
A56: INSUMO | B56: 7568 | C56: BUCHA DE NYLON SEM ABA S10, COM PARAFUSO DE 6,10 X 65 MM EM ACO ZINCADO COM ROSCA SOBERBA, CABECA CHATA E FENDA PHILLIPS | D56: UN | E56: =4.72*E55 -> 37.524 | H56: =F56+G56 -> 0 | I56: =F56*E56 -> 0 | J56: =G56*E56 -> 0 | K56: =I56+J56 -> 0
A57: INSUMO | B57: 36888 | C57: GUARNICAO / MOLDURA / ARREMATE DE ACABAMENTO PARA ESQUADRIA, EM ALUMINIO PERFIL 25, ACABAMENTO ANODIZADO BRANCO OU BRILHANTE, PARA 1 FACE | D57: M | E57: =2.202*E55 -> 17.5059 | H57: =F57+G57 -> 0 | I57: =F57*E57 -> 0 | J57: =G57*E57 -> 0 | K57: =I57+J57 -> 0
A58: INSUMO | B58: 10506 | C58: VIDRO TEMPERADO INCOLOR E = 8 MM, SEM COLOCACAO | D58: M2 | E58: 2.4 | H58: =F58+G58 -> 0 | I58: =F58*E58 -> 0 | J58: =G58*E58 -> 0 | K58: =I58+J58 -> 0
A59: INSUMO | B59: 11950 | C59: BUCHA DE NYLON SEM ABA S6, COM PARAFUSO DE 4,20 X 40 MM EM ACO ZINCADO COM ROSCA SOBERBA, CABECA CHATA E FENDA PHILLIPS | D59: UN | E59: =1.913*E58 -> 4.5912 | H59: =F59+G59 -> 0 | I59: =F59*E59 -> 0 | J59: =G59*E59 -> 0 | K59: =I59+J59 -> 0
A60: INSUMO | B60: 34360 | C60: PERFIL DE ALUMINIO ANODIZADO | D60: KG | E60: =0.839*E58 -> 2.0136 | H60: =F60+G60 -> 0 | I60: =F60*E60 -> 0 | J60: =G60*E60 -> 0 | K60: =I60+J60 -> 0
A61: INSUMO | B61: 39432 | C61: FITA DE PAPEL REFORCADA COM LAMINA DE METAL PARA REFORCO DE CANTOS DE CHAPA DE GESSO PARA DRYWALL | D61: M | E61: =2.605*E58 -> 6.252 | H61: =F61+G61 -> 0 | I61: =F61*E61 -> 0 | J61: =G61*E61 -> 0 | K61: =I61+J61 -> 0
A62: INSUMO | B62: 39961 | C62: SILICONE ACETICO USO GERAL INCOLOR 280 G | D62: UN | E62: =0.346*E58 -> 0.8304 | H62: =F62+G62 -> 0 | I62: =F62*E62 -> 0 | J62: =G62*E62 -> 0 | K62: =I62+J62 -> 0
A63: COMPOSICAO | B63: 88309 | C63: PEDREIRO COM ENCARGOS COMPLEMENTARES | D63: H | E63: =0.36 -> 0.36 | H63: =F63+G63 -> 0 | I63: =F63*E63 -> 0 | J63: =G63*E63 -> 0 | K63: =I63+J63 -> 0
A64: COMPOSICAO | B64: 88316 | C64: SERVENTE COM ENCARGOS COMPLEMENTARES | D64: H | E64: =0.18+1.47 -> 1.65 | H64: =F64+G64 -> 0 | I64: =F64*E64 -> 0 | J64: =G64*E64 -> 0 | K64: =I64+J64 -> 0
A65: COMPOSICAO | B65: 88325 | C65: VIDRACEIRO COM ENCARGOS COMPLEMENTARES | D65: H | E65: 1.511 | H65: =F65+G65 -> 0 | I65: =F65*E65 -> 0 | J65: =G65*E65 -> 0 | K65: =I65+J65 -> 0
I66: =SUM(I54:I65) -> 0 | J66: =SUM(J54:J65) -> 0 | K66: =SUM(K54:K65) -> 0
A68: 05.CANTONEIRA ALUMINIO ABAS IGUAIS 1 ", E = 3 /16 "
A69: DESC. | B69: CANTONEIRA PARA PILARES NAS SALAS DE AULA E AMBIENTES COM REVESTIMENTO CERÂMICO DE PAREDE | H69: UNIDADE | I69: M
B70: COD | C70: SERVIÇO | D70: UN | E70: QTD | F70: VALOR MAT+EQ | G70: VALOR M.O | H70: VALOR UN | I70: VT MAT+EQ | J70: VT M.O | K70: VT
A71: INSUMO | B71: 586 | C71: CANTONEIRA EM ALUMINIO, ABAS IGUAIS, LARGURA DE 25,40 MM (1"), ESPESSURA DE 4,76 MM (3/16") E PESO LINEAR DE APROXIMADAMENTE 0,593 KG/M | D71: M | E71: 1 | H71: =F71+G71 -> 0 | I71: =F71*E71 -> 0 | J71: =G71*E71 -> 0 | K71: =I71+J71 -> 0
A72: INSUMO | B72: 39961 | C72: SILICONE ACETICO USO GERAL INCOLOR 280 G | D72: UN | E72: 0.2 | H72: =F72+G72 -> 0 | I72: =F72*E72 -> 0 | J72: =G72*E72 -> 0 | K72: =I72+J72 -> 0
A73: INSUMO | B73: 5066 | C73: PREGO DE ACO POLIDO COM CABECA 12 X 12 | D73: KG | E73: 0.003 | H73: =F73+G73 -> 0 | I73: =F73*E73 -> 0 | J73: =G73*E73 -> 0 | K73: =I73+J73 -> 0
A74: COMPOSICAO | B74: 88316 | C74: SERVENTE COM ENCARGOS COMPLEMENTARES | D74: H | E74: 0.17 | H74: =F74+G74 -> 0 | I74: =F74*E74 -> 0 | J74: =G74*E74 -> 0 | K74: =I74+J74 -> 0
I75: =ROUND(SUM(I71:I74),2) -> 0 | J75: =ROUND(SUM(J71:J74),2) -> 0 | K75: =ROUND(SUM(K71:K74),2) -> 0
A77: 06. ABRIGO PARA GÁS GLP 13KG
A78: DESC. | B78: ABRIGO PARA GÁS GLP | H78: UNIDADE | I78: UN
B79: COD | C79: SERVIÇO | D79: UN | E79: QTD | F79: VALOR MAT+EQ | G79: VALOR M.O | H79: VALOR UN | I79: VT MAT+EQ | J79: VT M.O | K79: VT
A80: COMPOSIÇÃO | B80: 103320 | C80: ALVENARIA DE VEDAÇÃO DE BLOCOS VAZADOS DE CONCRETO DE 19X19X39 CM (ESPESSURA 19 CM) E ARGAMASSA DE ASSENTAMENTO COM PREPARO EM BETONEIRA. AF_12/2021 | D80: M2 | E80: 3.08 | H80: =F80+G80 -> 0 | I80: =F80*E80 -> 0 | J80: =G80*E80 -> 0 | K80: =I80+J80 -> 0
A81: COMPOSIÇÃO | B81: 101964 | C81: LAJE PRÉ-MOLDADA UNIDIRECIONAL, BIAPOIADA, PARA FORRO, ENCHIMENTO EM CERÂMICA, VIGOTA CONVENCIONAL, ALTURA TOTAL DA LAJE "LT" = 12 CM (ENCHIMENTO+CAPA) = (8+4). AF_08/2025 | D81: M2 | E81: 0.7 | H81: =F81+G81 -> 0 | I81: =F81*E81 -> 0 | J81: =G81*E81 -> 0 | K81: =I81+J81 -> 0
A82: COMPOSIÇÃO | B82: 10891 ORSE | C82: PORTÃO DE ABRIR, 2 FOLHAS, COM QUADRO EM TUBO GALVANIZADO 2", COM BARRA QUADRADA DE 3/4" NA VERTICAL E ESTICADOR REDONDO DE 3/4", INCLUSIVE FECHADURA E DOBRADIÇAS | D82: M2 | E82: 0.42 | H82: =F82+G82 -> 0 | I82: =F82*E82 -> 0 | J82: =G82*E82 -> 0 | K82: =I82+J82 -> 0
A83: COMPOSIÇÃO | B83: 88485 | C83: FUNDO SELADOR ACRÍLICO, APLICAÇÃO MANUAL EM PAREDE, UMA DEMÃO. AF_04/2023 | D83: M2 | E83: 3.08 | H83: =F83+G83 -> 0 | I83: =F83*E83 -> 0 | J83: =G83*E83 -> 0 | K83: =I83+J83 -> 0
A84: COMPOSIÇÃO | B84: 88489 | C84: PINTURA LÁTEX ACRÍLICA PREMIUM, APLICAÇÃO MANUAL EM PAREDES, DUAS DEMÃOS. AF_04/2023 | D84: M2 | E84: 3.08 | H84: =F84+G84 -> 0 | I84: =F84*E84 -> 0 | J84: =G84*E84 -> 0 | K84: =I84+J84 -> 0
A85: COMPOSIÇÃO | B85: 14319 ORSE | C85: REGISTRO ESFERA BORBOLETA 90°, 1/2" NPT (MACHO) X 3/8", ENTRADA E SAÍDA BICO DA MANGUEIRA, PARA INSTALAÇÃO DE GÁS | D85: UN | E85: 1 | H85: =F85+G85 -> 0 | I85: =F85*E85 -> 0 | J85: =G85*E85 -> 0 | K85: =I85+J85 -> 0
A86: COMPOSIÇÃO | B86: 97336 | C86: TUBO EM COBRE RÍGIDO, DN 28 MM, CLASSE A, SEM ISOLAMENTO, INSTALADO EM PRUMADA DE GÁS COMBUSTÍVEL - FORNECIMENTO E INSTALAÇÃO. AF_04/2022 | D86: M | E86: 3.3 | H86: =F86+G86 -> 0 | I86: =F86*E86 -> 0 | J86: =G86*E86 -> 0 | K86: =I86+J86 -> 0
A87: COMPOSIÇÃO | B87: 91170 | C87: FIXAÇÃO DE TUBOS HORIZONTAIS DE PVC ÁGUA, PVC ESGOTO, PVC ÁGUA PLUVIAL, CPVC, PPR, COBRE OU AÇO, DIÂMETROS MENORES OU IGUAIS A 40 MM, COM ABRAÇADEIRA METÁLICA RÍGIDA TIPO U PERFIL 1 1/4", FIXADA EM PERFILADO EM LAJE. AF_09/2023_PS | D87: M | E87: =E86 -> 3.3 | H87: =F87+G87 -> 0 | I87: =F87*E87 -> 0 | J87: =G87*E87 -> 0 | K87: =I87+J87 -> 0
I88: =SUM(I80:I87) -> 0 | J88: =SUM(J80:J87) -> 0 | K88: =SUM(K80:K87) -> 0
A90: 07. PISO PODOTÁTIL DE ALERTA OU DIRECIONAL, DE BORRACHA DIM 25X25CM
A91: DESC. | H91: UNIDADE | I91: M2
B92: COD | C92: SERVIÇO | D92: UN | E92: QTD | F92: VALOR MAT+EQ | G92: VALOR M.O | H92: VALOR UN | I92: VT MAT+EQ | J92: VT M.O | K92: VT
A93: COMPOSICAO | B93: 101094 | C93: PISO PODOTÁTIL DE ALERTA OU DIRECIONAL, DE BORRACHA, ASSENTADO SOBRE ARGAMASSA. AF_02/2026 | D93: M | E93: =0.25*0.25*(1/(0.25))*(1.1) -> 0.275 | H93: =F93+G93 -> 0 | I93: =F93*E93 -> 0 | J93: =G93*E93 -> 0 | K93: =I93+J93 -> 0
A94: INSUMO | B94: 88309 | C94: PEDREIRO COM ENCARGOS COMPLEMENTARES | D94: H | E94: 0.44 | H94: =F94+G94 -> 0 | I94: =F94*E94 -> 0 | J94: =G94*E94 -> 0 | K94: =I94+J94 -> 0
A95: INSUMO | B95: 88316 | C95: SERVENTE COM ENCARGOS COMPLEMENTARES | D95: H | E95: 0.22 | H95: =F95+G95 -> 0 | I95: =F95*E95 -> 0 | J95: =G95*E95 -> 0 | K95: =I95+J95 -> 0
A96: COMPOSICAO | B96: 4791 | C96: ADESIVO ACRILICO DE BASE AQUOSA / COLA DE CONTATO | D96: KG | E96: =ROUND(0.35*0.28*1.3,2) -> 0.13 | H96: =F96+G96 -> 0 | I96: =F96*E96 -> 0 | J96: =G96*E96 -> 0 | K96: =I96+J96 -> 0
I97: =SUM(I93:I96) -> 0 | J97: =SUM(J93:J96) -> 0 | K97: =SUM(K93:K96) -> 0
A99: 08. PISO PODOTÁTIL DE ALERTA OU DIRECIONAL, DE CONCRETO, DIM 25X25CM, ASSENTADO SOBRE ARGAMASSA.
A100: DESC. | H100: UNIDADE | I100: M2
B101: COD | C101: SERVIÇO | D101: UN | E101: QTD | F101: VALOR MAT+EQ | G101: VALOR M.O | H101: VALOR UN | I101: VT MAT+EQ | J101: VT M.O | K101: VT
A102: INSUMO | B102: 34353 | C102: ARGAMASSA COLANTE AC II | D102: KG | E102: =8.62*1.6 -> 13.792 | H102: =F102+G102 -> 0 | I102: =F102*E102 -> 0 | J102: =G102*E102 -> 0 | K102: =I102+J102 -> 0
A103: INSUMO | B103: 34357 | C103: REJUNTE CIMENTICIO, QUALQUER COR | D103: KG | E103: =0.24*1.6 -> 0.384 | H103: =F103+G103 -> 0 | I103: =F103*E103 -> 0 | J103: =G103*E103 -> 0 | K103: =I103+J103 -> 0
A104: COMPOSICAO | B104: 104658 | C104: PISO PODOTÁTIL DE ALERTA OU DIRECIONAL, DE CONCRETO, ASSENTADO SOBRE ARGAMASSA. AF_03/2024 | D104: M2 | E104: 1.05 | H104: =F104+G104 -> 0 | I104: =F104*E104 -> 0 | J104: =G104*E104 -> 0 | K104: =I104+J104 -> 0
A105: COMPOSICAO | B105: 88309 | C105: PEDREIRO COM ENCARGOS COMPLEMENTARES | D105: H | E105: 0.639 | H105: =F105+G105 -> 0 | I105: =F105*E105 -> 0 | J105: =G105*E105 -> 0 | K105: =I105+J105 -> 0
A106: COMPOSICAO | B106: 88316 | C106: SERVENTE COM ENCARGOS COMPLEMENTARES | D106: H | E106: 1.279 | H106: =F106+G106 -> 0 | I106: =F106*E106 -> 0 | J106: =G106*E106 -> 0 | K106: =I106+J106 -> 0
I107: =SUM(I102:I106) -> 0 | J107: =SUM(J102:J106) -> 0 | K107: =SUM(K102:K106) -> 0
A109: 09. FIXAÇÃO UTILIZANDO PARAFUSO E BUCHA DE NYLON, SOMENTE MÃO DE OBRA. AF_10/2016
A110: DESC. | B110: FIXAÇÃO CHAPAS CADA 1,5M | H110: UNIDADE | I110: M
B111: COD | C111: SERVIÇO | D111: UN | E111: QTD | F111: VALOR MAT+EQ | G111: VALOR M.O | H111: VALOR UN | I111: VT MAT+EQ | J111: VT M.O | K111: VT
A112: COMPOSICAO | B112: 88316 | C112: SERVENTE COM ENCARGOS COMPLEMENTARES | D112: H | E112: 0.05 | H112: =F112+G112 -> 0 | I112: =F112*E112 -> 0 | J112: =G112*E112 -> 0 | K112: =H112*E112 -> 0
A113: INSUMO | B113: 4350 | C113: BUCHA DE NYLON, DIAMETRO DO FURO 8 MM, COMPRIMENTO 40 MM, COM PARAFUSO DE ROSCA SOBERBA, CABECA CHATA, FENDA SIMPLES, 4,8 X 50 MM | D113: UN | E113: 1.5 | H113: =F113+G113 -> 0 | I113: =F113*E113 -> 0 | J113: =G113*E113 -> 0 | K113: =H113*E113 -> 0
I114: =SUM(I109:I113) -> 0 | J114: =SUM(J109:J113) -> 0 | K114: =SUM(K109:K113) -> 0
...

Sheet COTAÇÕES
B3: UNIVERSIDADE ESTADUAL DO NORTE DO PARANÁ
B4: CNPJ: 08.885.100/0001-54
B6: OBRA : CENTRAL DE PÓS-GRADUAÇÃO
B7: Local: Campus Jacarezinho - CJ
B8: Data do orçamento: SETEMBRO/2026
B9: SINAPI_Referência_2026_07_não_Desonerada
B10: INSERIR DADOS DA EMPRESA
A12: COTAÇÕES EXTERNAS
A13: COTAÇÃO 01
A14: DESC. | B14: CENTRAL DE ILUMINAÇÃO DE EMERGÊNCIA - 600W 12 V - MODELO REF. SIEK 1206 | E14: UN: UNITÁRIO
B15: EMPRESA 01 | C15: EMPRESA 02 | D15: EMPRESA 03 | E15: VALOR MÉDIO
A16: NOME | B16: KHRONOS INDÚSTRIA COMÉRCIO E SERVIÇOS EM ELETRÔNICA LTDA | C16: CASA FERNANDES COMÉRCIO E SERVIÇOS DE ENGENHARIA | D16: GESIMA MATERIAL ELÉTRICO | E16: =AVERAGE(B20:D20) -> 453.28
A17: CPF/CNPJ | B17: 78.323.094/0004-70 | C17: 22.355.551/0001-00 | D17: 88.230.545/0001-35
A18: CONTATO | B18: https://loja.grupokhronos.com.br/central-de-iluminacao-de-emergencia-siek-1206/p?srsltid=AfmBOoo0RTDDh4owSJHVIFppxEBV49RuuZRWwLXd9EKMMo1T9jZ7ZN7i | C18: https://mapeengenharia.com.br/loja/produto/central-coletiva-siek-1206/ | D18: https://gasima.com.br/produtos/cs-central-ilum-emerg-600w-12v-siek1206/
A19: DATA PROP. | B19: 46199 | C19: 46199 | D19: 46199
A20: VALOR | B20: 415.64 | C20: 423.3 | D20: 520.9
A22: COTAÇÃO 02
A23: DESC. | B23: PORTA DE CHUMBO (BARITADA/RADIOLÓGICA) 2,0mmPB, DE GIRO, 1,00 x 2,10 M | E23: UN:PÇ 1MT
B24: EMPRESA 01 | C24: EMPRESA 02 | D24: EMPRESA 03 | E24: VALOR MÉDIO
A25: NOME | B25: CSR ACESSORIOS E SERVIÇOS RADIOLOGIOS LTDA- ME | C25: =UPPER("Barimix Comércio de Artefatos de Concreto LTDA") -> BARIMIX COMÉRCIO DE ARTEFATOS DE CONCRETO LTDA | D25: =UPPER("SP Blindagem Radiológica Comércio e Serviços LTDA") -> SP BLINDAGEM RADIOLÓGICA COMÉRCIO E SERVIÇOS LTDA | E25: =AVERAGE(B29:D29) -> 5315.6667
A26: CPF/CNPJ | B26: 11.713.569/0001-10 | C26: 48.238.580/0001-86 | D26: 34.136.566/0001-67
A27: CONTATO | B27: https://rayonscsr.com.br/portas-radiologicas/ | C27: https://spblindagemradiologica.com.br/ | D27: https://www.barimix.com.br/portas-radiol%C3%B3gicas
A28: DATA PROP. | B28: 46217 | C28: 46217 | D28: 46217
A29: VALOR | B29: 4300 | C29: 6030 | D29: 5617
A31: COTAÇÃO 03
A32: DESC. | B32: PORTA DE CHUMBO (BARITADA/RADIOLÓGICA) 2,0mmPB, DE CORRER, 1,00 x 2,10 M | E32: UN:PÇ 1MT
B33: EMPRESA 01 | C33: EMPRESA 02 | D33: EMPRESA 03 | E33: VALOR MÉDIO
A34: NOME | B34: CSR ACESSORIOS E SERVIÇOS RADIOLOGIOS LTDA- ME | C34: =UPPER("Barimix Comércio de Artefatos de Concreto LTDA") -> BARIMIX COMÉRCIO DE ARTEFATOS DE CONCRETO LTDA | D34: =UPPER("SP Blindagem Radiológica Comércio e Serviços LTDA") -> SP BLINDAGEM RADIOLÓGICA COMÉRCIO E SERVIÇOS LTDA | E34: =AVERAGE(B38:D38) -> 5864.3333
A35: CPF/CNPJ | B35: 11.713.569/0001-10 | C35: 48.238.580/0001-86 | D35: 34.136.566/0001-67
A36: CONTATO | B36: https://rayonscsr.com.br/portas-radiologicas/ | C36: https://spblindagemradiologica.com.br/ | D36: https://www.barimix.com.br/portas-radiol%C3%B3gicas
A37: DATA PROP. | B37: 46217 | C37: 46217 | D37: 46217
A38: VALOR | B38: 4900 | C38: 6760 | D38: 5933
A40: COTAÇÃO 04
A41: DESC. | B41: PORTA EM MADEIRA ARTICULADA, TIPO CAMARÃO, 1,00X2,10M | E41: UN:PÇ 1MT
B42: EMPRESA 01 | C42: EMPRESA 02 | D42: EMPRESA 03 | E42: VALOR MÉDIO
A43: NOME | B43: =UPPER("Webportas Comercial Ltda.") -> WEBPORTAS COMERCIAL LTDA. | C43: =UPPER("Milenar Comércio de Material de Construção Ltda.") -> MILENAR COMÉRCIO DE MATERIAL DE CONSTRUÇÃO LTDA. | D43: =UPPER("Castelo Portas Comércio Ltda.") -> CASTELO PORTAS COMÉRCIO LTDA. | E43: =AVERAGE(B47:D47) -> 1760.5
A44: CPF/CNPJ | B44: 43.952.857/0001-14 | C44: 34.791.747/0001-27 | D44: 30.938.661/0001-23
A45: CONTATO | B45: https://www.webportas.com.br/kit-completo-porta-lisa-camarao-primer-cfecho-batente-ecologico-prime-de-11cm | C45: https://www.portasmilenar.com.br/portas/portas-internas/ | D45: https://casteloportas.com.br/
A46: DATA PROP. | B46: 46213 | C46: 46213 | D46: 46213
A47: VALOR | B47: R$ 572,32 | C47: 1676 | D47: 1845
A49: COTAÇÃO 05
A50: DESC. | B50: MINI GIBIC TRANSCEIVER SM DUPLEX MONOMODO TX/RX 1310NM | E50: UN:PÇ 1MT
B51: EMPRESA 01 | C51: EMPRESA 02 | D51: EMPRESA 03 | E51: VALOR MÉDIO
A52: NOME | B52: REI DO SFP | C52: CELETI EXPRESS | D52: RAICROM | E52: =AVERAGE(B56:D56) -> 130.39
A53: CPF/CNPJ | B53: 31.206.788/0001-10 | C53: 39.893.680/0002-36 | D53: 08.326.073.0001-80
A54: CONTATO | B54: https://www.reidosfp.com.br/sfp-sm-duplex-10g-1310nm-2-km-lc-ddm | C54: https://loja.celeti.com.br/products/sfp-10g-1310nm-2km-dom-duplex-lc-upc-smf?srsltid=AfmBOoq-PzmJCX2Ro81lKVITNSV7b8v5Xqys7u9C3Ftu_qX4TA5pw6aS | D54: https://www.raicrom.com.br/conectividade/fibra-sfp-10g-02km-lc-duplex-ddm-1310nm-sfp-10g-lr02d?srsltid=AfmBOop6FDtqO3lOZjRF_KKJ8RzWLrCatWocH9jZuu3uAG4ZTwXwyTZJ
A55: DATA PROP. | B55: 46255 | C55: 46255 | D55: 46255
A56: VALOR | B56: 140 | C56: 109 | D56: 142.17
A58: COTAÇÃO 06
A59: DESC. | B59: CORDÃO ÓPTICO DUPLEX LC/LC UCP SM MONOMODO 9/125 2,5MT | E59: UN:PÇ 1MT
B60: EMPRESA 01 | C60: EMPRESA 02 | D60: EMPRESA 03 | E60: VALOR MÉDIO
A61: NOME | B61: UNICASERV | C61: SOLUÇÃO CABOS | D61: CENTRAL CABOS | E61: =AVERAGE(B65:D65) -> 45.15
A62: CPF/CNPJ | B62: 07.709.614/0001-96 | C62: 00.559.915/0001-31 | D62: 08.626.431/0001-70
A63: CONTATO | B63: https://www.unicaserv.com.br/fibras-opticas/cordoes-opticos/cds-cordao-optico-duplex-sm-sc-upclc-upc-9125-2-5m | C63: https://www.solucaocabos.com.br/extensao-optica-duplex-lc-spc-sm-furukawa-250-metros/p?srsltid=AfmBOopjIZZM63WD8rcXjAEFngQRl7h4n13xsP7pZZG6B8M0nCkRC4e9 | D63: https://www.centralcabos.com.br/cordao-optico-duplex-sm-9-125-sc-sc-upc-2-50-metros/p
A64: DATA PROP. | B64: 46255 | C64: 46255 | D64: 46255
A65: VALOR | B65: 40.45 | C65: 60 | D65: 35
A67: COTAÇÃO 07
A68: DESC. | B68: MINI DIO 12 PORTAS 12FO | E68: UN:PÇ 1MT
B69: EMPRESA 01 | C69: EMPRESA 02 | D69: EMPRESA 03 | E69: VALOR MÉDIO
A70: NOME | B70: Solução Cabos | C70: Policabos | D70: UNICASERV | E70: =AVERAGE(B74:D74) -> 347.47
A71: CPF/CNPJ | B71: 00.559.915/0001-31 | C71: 07.034.260/0001-27 | D71: 07.709.614/0001-96
A72: CONTATO | B72: https://www.solucaocabos.com.br/dio-12fo-sc-upc-completo-padrao-rack-/p?idsku=16818&gad_source=1&gad_campaignid=22012104624&gbraid=0AAAAAolx81FBQf4T4A7cIMWupqhNtLpym&gclid=CjwKCAjw7p_UBhBlEiwAhpIs7yCN2oADcxX0wKEB76bP821rWg59SIS14pgSaqZk2dptRbezJQG3FBoCPogQAvD_BwE | C72: https://www.policabos.com.br/fibra-otica/dio-optico/dio-24-fibras?parceiro=8810&utm_campaign=Policabos_Shopping&utm_source=google&utm_medium=cpc&utm_term=&gad_source=1&gad_campaignid=23969155409&gbraid=0AAAAAoLD11EjKUbX0i0-CH5fF25V-dTg6&gclid=CjwKCAjw7p_UBhBlEiwAhpIs7xgQl0oU3vdsqhxAkEjKVktzIY6ToX5MverWwSfYM_VyGBne0HNK_xoCEksQAvD_BwE&variant_id=1923 | D72: https://www.unicaserv.com.br/fibras-opticas/dios-e-caixas-de-emenda/mini-dio-completo-scpc-para-12-fibras-sm-sc-upc-bandeja-pigtail-e-acopladores-azuis-?parceiro=3738
A73: DATA PROP. | B73: 46255 | C73: 46255 | D73: 46255
A74: VALOR | B74: 378.96 | C74: 472 | D74: 191.45
A76: COTAÇÃO 08
A77: DESC. | B77: PIG TAIL 1,5MT LC SIMPLEX SM 9/125 | E77: UN:PÇ 1MT
B78: EMPRESA 01 | C78: EMPRESA 02 | D78: EMPRESA 03 | E78: VALOR MÉDIO
A79: NOME | B79: LOJA MATEL | C79: UNICASERV | D79: MAGAZINE LUIZA | E79: =AVERAGE(B83:D83) -> 15.013333
A80: CPF/CNPJ | B80: 57.644.825/0001-66 | C80: 07.709.614/0001-96 | D80: 47.960.950/1088-36
A81: CONTATO | B81: https://www.lojamatel.com.br/produto/pigtail-spx-sm-9125-lc-upc-15m.html?srsltid=AfmBOoq2c18D2KLw79vlSCozROx_baRDU4PZa5TIONOf-lVyp3CTHtwJJXs | C81: https://www.unicaserv.com.br/fibras-opticas/extensoes-opticas/extensao-optica-simplex-sm-lc-apc-9-125-1-5m?parceiro=3738&gad_source=1&gad_campaignid=24007263533&gbraid=0AAAAADMVCf5HPKKmrzofsB3Tbkf-l1dex&gclid=CjwKCAjw7p_UBhBlEiwAhpIs7wDmQgAk8cKK5w43B9qkNO9-bg1KRzL226xNe0aJ_uxVTdblnge2thoCT0sQAvD_BwE | D81: https://www.magazineluiza.com.br/ess-extensao-optica-simplex-monomodo-buffer-09mm-pig-tail-150m-sm-lc-upc-pier-telecom/p/bceb97efc8/et/caop/?seller_id=piertelecom&srsltid=AfmBOop2J-S1o1tOq7NETPizGfvQ9S7hrbeEfEO2jjATSGEWCANCzM1OdLo
A82: DATA PROP. | B82: 46255 | C82: 46255 | D82: 46255
A83: VALOR | B83: 19.9 | C83: 11.45 | D83: 13.69
A85: COTAÇÃO 09
A86: DESC. | B86: SWITCH GERENCIÁVEL DE 48 PORTAS 10/100/1000 Mbps | E86: UN:PÇ 1MT
B87: EMPRESA 01 | C87: EMPRESA 02 | D87: EMPRESA 03 | E87: VALOR MÉDIO
A88: NOME | B88: UBIQUITI BRAZIL COMERCIO DE ELETRONICOS LTDA | C88: FOURSERV | D88: CENTRAL CABOS | E88: =AVERAGE(B92:D92) -> 4607.85
A89: CPF/CNPJ | B89: 33.166.730/0001-16 | C89: 05.229.845/0001-77 | D89: 08.626.431/0001-70
A90: CONTATO | B90: https://br.store.ui.com/br/pt/products/usw-48-poe | C90: https://www.fourserv.com.br/switch-huawei-48-portas-gigabit-4x-sfp-layer-2-gerenciavel-mpn-s310-48t4x/p?utm_source=google&utm_medium=cpc&utm_campaign=PMax%3A+Switches&gad_source=1&gad_campaignid=18631578224&gbraid=0AAAAAD9qFBkvpCHIaJ669zdU9wLAVG6J3&gclid=CjwKCAjw7p_UBhBlEiwAhpIs73Ul1JGkJwb9lRz09gxjVqPepTWjMIBjd9Xv0n4AcTnjx6WqWFN2khoC1vsQAvD_BwE | D90: https://www.centralcabos.com.br/switch-unifi-48-portas-gigabit-gerenciavel---4-sfp-layer-2/p
A91: DATA PROP. | B91: 46255 | C91: 46255 | D91: 46255
A92: VALOR | B92: 5199 | C92: 4037 | D92: 4587.55
A94: COTAÇÃO 10
A95: DESC. | B95: ACCESS PONT WI-FI CORPORATIVO TRI-BAND SIMULTÂNEO | E95: UN:PÇ 1MT
B96: EMPRESA 01 | C96: EMPRESA 02 | D96: EMPRESA 03 | E96: VALOR MÉDIO
A97: NOME | B97: MUNDO DA REDE | C97: UBIQUITI BRAZIL COMERCIO DE ELETRONICOS LTDA | D97: UPPER SEG | E97: =AVERAGE(B101:D101) -> 1712.7633
A98: CPF/CNPJ | B98: 14.688.361/0001-87 | C98: 33.166.730/0001-16 | D98: 17.354.683/0001-88
A99: CONTATO | B99: https://www.mundodarede.com.br/access-point-u7-pro-unifi-ubiquiti?utm_source=Site&utm_medium=GoogleMerchant&utm_campaign=GoogleMerchant&utm_source=&utm_medium=&utm_campaign=pmax-19-05&utm_content=&utm_term=&gad_source=1&gad_campaignid=23863709975&gbraid=0AAAABDMAMGoR4A_W0wimLdGeTQ0Av585B&gclid=CjwKCAjw7p_UBhBlEiwAhpIs7_1mezdtgCp_D__zNgn8tYChMqLsZraFyaFiwyzZPE_mNS1jBD7JYRoCuKQQAvD_BwE | C99: https://www.liztelecom.com.br/acess-point-unifi-u7-pro-ubiquiti?utm_source=Site&utm_medium=GoogleMerchant&utm_campaign=GoogleMerchant&utm_source=&utm_medium=&utm_campaign=PMAX-VALOR-DA-CONV&utm_content=&utm_term=&gad_source=1&gad_campaignid=24025102924&gbraid=0AAAABENOEFxNAp_BFFGiN0TmrNrxroi5X&gclid=CjwKCAjw7p_UBhBlEiwAhpIs70gA77rDGohBcYD99Dzw08ZO60vNcz93d6dRFH_XqN9iaxgFcU_JdRoChHwQAvD_BwE | D99: https://www.upperseg.com.br/informatica/roteadores-wireless/access-point/access-point-de-longo-alcance-wifi-7-unifi-u7-lr-long-range-ubiquiti/?gad_source=1&gad_campaignid=17071887064&gbraid=0AAAAADtWOg9ux5qLcn7u9Ku9dgv73N4JR&gclid=CjwKCAjw7p_UBhBlEiwAhpIs74N1NKc0SJoBpUCuhdvONFQSk7mzUjhQKjaBmignkGw4di3czFw0ThoCRpYQAvD_BwE
A100: DATA PROP. | B100: 46255 | C100: 46255 | D100: 46255
A101: VALOR | B101: 1549.99 | C101: 1649.99 | D101: 1938.31
A103: COTAÇÃO 11
A104: DESC. | B104: ESPAÇADOR LOSANGULAR POLIMÉRICO C/ GARRA 15KV 35-240MM2 | E104: UN:PÇ 1MT
B105: EMPRESA 01 | C105: EMPRESA 02 | D105: EMPRESA 03 | E105: VALOR MÉDIO
A106: NOME | B106: LOJA ELETRICA | C106: PLENOBRAS | D106: JUDYCABOS | E106: =AVERAGE(B110:D110) -> 38.43
A107: CPF/CNPJ | B107: 17.155.342/0011-55 | C107: 72.313.828/0001-00 | D107: 74.003.740/0003-80
A108: CONTATO | B108: https://www.lojaeletrica.com.br/espacador-losangular-auto-travante-50-150mm-15kv.html?mp_feed=MTozOkNPVmxWWTBFU0J4akI3ZW42VUd2ek1pM2wzMUlEdGpFWXBQSXZLTT0=&srsltid=AfmBOopJsNRCSbOP_76ywvFE8BdNhVqeKu5esBnI4Ekau1Gy2vCRIjY5KA0 | C108: https://www.plenobras.com.br/646a5aa0d496504d21df6d5a/espacador-losangular-polimerico-15-kv-para-cabo-coberto-sem-anel-(an-01)-rede-compacta-diametro:-1200a-3200-mm?srsltid=AfmBOorpinunM3dBe5eU1m4l47zqGm8KXVbAwAENnyQ2fUnQ32fTfB6BN7w | D108: https://judycabos.com.br/produto/espacador-losangular-polimerico-c-garra-15kv-rpc/
A109: DATA PROP. | B109: 46261 | C109: 46261 | D109: 46261
A110: VALOR | B110: 36.65 | C110: 39.64 | D110: 39
A112: COTAÇÃO 13
A113: DESC. | B113: CABO ALUMUNIO COBERTO XLPE 15KV 1X35,00M² | E113: UN:PÇ 1MT
B114: EMPRESA 01 | C114: EMPRESA 02 | D114: EMPRESA 03 | E114: VALOR MÉDIO
A115: NOME | B115: CONDUSCAMP | C115: CCABOS | D115: PLENO BRAS | E115: =AVERAGE(B119:D119) -> 9.6066667
...

Sheet CRONOGRAMA
D3: UNIVERSIDADE ESTADUAL DO NORTE DO PARANÁ
D4: CNPJ: 08.885.100/0001-54
D5: OBRA : CENTRAL DE PÓS-GRADUAÇÃO
D6: Local: Campus Jacarezinho - CJ
D7: Data do orçamento: SETEMBRO/2026
D8: SINAPI_Referência_2026_07_não_Desonerada
E9: INSERIR DADOS DA EMPRESA
E10: 1 | F10: 30 | G10: 2 | H10: =F10+30 -> 60 | I10: 3 | J10: =H10+30 -> 90 | K10: 3 | L10: =J10+30 -> 120 | M10: 4 | N10: =L10+30 -> 150 | O10: 4 | P10: =N10+30 -> 180 | Q10: 5 | R10: =P10+30 -> 210 | S10: 5 | T10: =R10+30 -> 240 | U10: 6 | V10: =T10+30 -> 270 | W10: 6 | X10: =V10+30 -> 300 | Y10: 7 | Z10: =X10+30 -> 330 | AA10: 7 | AB10: =Z10+30 -> 360 | AC10: 8 | AD10: =AB10+30 -> 390 | AE10: 8 | AF10: =AD10+30 -> 420 | AG10: 9 | AH10: =AF10+30 -> 450 | AI10: 9 | AJ10: =AH10+30 -> 480 | AK10: 10 | AL10: =AJ10+30 -> 510 | AM10: 10 | AN10: =AL10+30 -> 540 | AO10: 11 | AP10: =AN10+30 -> 570 | AQ10: 11 | AR10: =AP10+30 -> 600
A12: CRONOGRAMA FÍSICO- FINANCEIRO
B13: SERVIÇO/LOCAL | C13: Valores | D13: % | E13: MÊS 1 | G13: MÊS 2 | I13: MÊS 3 | K13: MÊS 4 | M13: MÊS 5 | O13: MÊS 6 | Q13: MÊS 7 | S13: MÊS 8 | U13: MÊS 9 | W13: MÊS 10 | Y13: MÊS 11 | AA13: MÊS 12 | AC13: MÊS 13 | AE13: MÊS 14 | AG13: MÊS 15 | AI13: MÊS 16 | AK13: MÊS 17 | AM13: MÊS 18 | AO13: MÊS 19 | AQ13: MÊS 20
E14: % | F14: R$ | G14: % | H14: R$ | I14: % | J14: R$ | K14: % | L14: R$ | M14: % | N14: R$ | O14: % | P14: R$ | Q14: % | R14: R$ | S14: % | T14: R$ | U14: % | V14: R$ | W14: % | X14: R$ | Y14: % | Z14: R$ | AA14: % | AB14: R$ | AC14: % | AD14: R$ | AE14: % | AF14: R$ | AG14: % | AH14: R$ | AI14: % | AJ14: R$ | AK14: % | AL14: R$ | AM14: % | AN14: R$ | AO14: % | AP14: R$ | AQ14: % | AR14: R$
A15: 1 | B15: =VLOOKUP(A15,'ORÇAMENTO'!$A$2:$M$778,2,FALSE()) -> ADMINISTRAÇÃO DA OBRA | C15: =VLOOKUP(A15,'ORÇAMENTO'!$A$2:$M$778,13,FALSE()) -> 0 | D15: =C15/$C$42 -> #DIV/0! | E15: 0.05 | F15: =IF(E15>0,E15*$C15," ") -> 0 | G15: 0.05 | H15: =IF(G15>0,G15*$C15," ") -> 0 | I15: 0.05 | J15: =IF(I15>0,I15*$C15," ") -> 0 | K15: 0.05 | L15: =IF(K15>0,K15*$C15," ") -> 0 | M15: 0.05 | N15: =IF(M15>0,M15*$C15," ") -> 0 | O15: 0.05 | P15: =IF(O15>0,O15*$C15," ") -> 0 | Q15: 0.05 | R15: =IF(Q15>0,Q15*$C15," ") -> 0 | S15: 0.05 | T15: =IF(S15>0,S15*$C15," ") -> 0 | U15: 0.05 | V15: =IF(U15>0,U15*$C15," ") -> 0 | W15: 0.05 | X15: =IF(W15>0,W15*$C15," ") -> 0 | Y15: 0.05 | Z15: =IF(Y15>0,Y15*$C15," ") -> 0 | AA15: 0.05 | AB15: =IF(AA15>0,AA15*$C15," ") -> 0 | AC15: 0.05 | AD15: =IF(AC15>0,AC15*$C15," ") -> 0 | AE15: 0.05 | AF15: =IF(AE15>0,AE15*$C15," ") -> 0 | AG15: 0.05 | AH15: =IF(AG15>0,AG15*$C15," ") -> 0 | AI15: 0.05 | AJ15: =IF(AI15>0,AI15*$C15," ") -> 0 | AK15: 0.05 | AL15: =IF(AK15>0,AK15*$C15," ") -> 0 | AM15: 0.05 | AN15: =IF(AM15>0,AM15*$C15," ") -> 0 | AO15: 0.05 | AP15: =IF(AO15>0,AO15*$C15," ") -> 0 | AQ15: 0.05 | AR15: =IF(AQ15>0,AQ15*$C15," ") -> 0 | AS15: =AQ15+AO15+AM15+AK15+AI15+AG15+AE15+AC15+AA15+Y15+W15+U15+S15+Q15+O15+M15+K15+I15+G15+E15 -> 1
A16: 2 | B16: =VLOOKUP(A16,'ORÇAMENTO'!$A$2:$M$778,2,FALSE()) -> CANTEIRO DE OBRAS | C16: =VLOOKUP(A16,'ORÇAMENTO'!$A$2:$M$778,13,FALSE()) -> 0 | D16: =C16/$C$42 -> #DIV/0! | E16: 0.5 | F16: =IF(E16>0,E16*$C16," ") -> 0 | G16: 0.3 | H16: =IF(G16>0,G16*$C16," ") -> 0 | I16: 0.2 | J16: =IF(I16>0,I16*$C16," ") -> 0 | L16: =IF(K16>0,K16*$C16," ") | N16: =IF(M16>0,M16*$C16," ") | P16: =IF(O16>0,O16*$C16," ") | R16: =IF(Q16>0,Q16*$C16," ") | T16: =IF(S16>0,S16*$C16," ") | V16: =IF(U16>0,U16*$C16," ") | X16: =IF(W16>0,W16*$C16," ") | Z16: =IF(Y16>0,Y16*$C16," ") | AB16: =IF(AA16>0,AA16*$C16," ") | AD16: =IF(AC16>0,AC16*$C16," ") | AF16: =IF(AE16>0,AE16*$C16," ") | AH16: =IF(AG16>0,AG16*$C16," ") | AJ16: =IF(AI16>0,AI16*$C16," ") | AL16: =IF(AK16>0,AK16*$C16," ") | AN16: =IF(AM16>0,AM16*$C16," ") | AP16: =IF(AO16>0,AO16*$C16," ") | AR16: =IF(AQ16>0,AQ16*$C16," ") | AS16: =AQ16+AO16+AM16+AK16+AI16+AG16+AE16+AC16+AA16+Y16+W16+U16+S16+Q16+O16+M16+K16+I16+G16+E16 -> 1
A17: 3 | B17: =VLOOKUP(A17,'ORÇAMENTO'!$A$2:$M$778,2,FALSE()) -> SERVIÇOS PRELIMINARES E TERRAPLENAGEM | C17: =VLOOKUP(A17,'ORÇAMENTO'!$A$2:$M$778,13,FALSE()) -> 0 | D17: =C17/$C$42 -> #DIV/0! | E17: 0.1 | F17: =IF(E17>0,E17*$C17," ") -> 0 | G17: 0.5 | H17: =IF(G17>0,G17*$C17," ") -> 0 | I17: 0.4 | J17: =IF(I17>0,I17*$C17," ") -> 0 | L17: =IF(K17>0,K17*$C17," ") | N17: =IF(M17>0,M17*$C17," ") | P17: =IF(O17>0,O17*$C17," ") | R17: =IF(Q17>0,Q17*$C17," ") | T17: =IF(S17>0,S17*$C17," ") | V17: =IF(U17>0,U17*$C17," ") | X17: =IF(W17>0,W17*$C17," ") | Z17: =IF(Y17>0,Y17*$C17," ") | AB17: =IF(AA17>0,AA17*$C17," ") | AD17: =IF(AC17>0,AC17*$C17," ") | AF17: =IF(AE17>0,AE17*$C17," ") | AH17: =IF(AG17>0,AG17*$C17," ") | AJ17: =IF(AI17>0,AI17*$C17," ") | AL17: =IF(AK17>0,AK17*$C17," ") | AN17: =IF(AM17>0,AM17*$C17," ") | AP17: =IF(AO17>0,AO17*$C17," ") | AR17: =IF(AQ17>0,AQ17*$C17," ") | AS17: =AQ17+AO17+AM17+AK17+AI17+AG17+AE17+AC17+AA17+Y17+W17+U17+S17+Q17+O17+M17+K17+I17+G17+E17 -> 1
A18: 4 | B18: =VLOOKUP(A18,'ORÇAMENTO'!$A$2:$M$778,2,FALSE()) -> FUNDAÇÃO E INFRAESTRUTURA | C18: =VLOOKUP(A18,'ORÇAMENTO'!$A$2:$M$778,13,FALSE()) -> 0 | D18: =C18/$C$42 -> #DIV/0! | F18: =IF(E18>0,E18*$C18," ") | G18: 0.2 | H18: =IF(G18>0,G18*$C18," ") -> 0 | I18: 0.3 | J18: =IF(I18>0,I18*$C18," ") -> 0 | K18: 0.4 | L18: =IF(K18>0,K18*$C18," ") -> 0 | M18: 0.1 | N18: =IF(M18>0,M18*$C18," ") -> 0 | P18: =IF(O18>0,O18*$C18," ") | R18: =IF(Q18>0,Q18*$C18," ") | T18: =IF(S18>0,S18*$C18," ") | V18: =IF(U18>0,U18*$C18," ") | X18: =IF(W18>0,W18*$C18," ") | Z18: =IF(Y18>0,Y18*$C18," ") | AB18: =IF(AA18>0,AA18*$C18," ") | AD18: =IF(AC18>0,AC18*$C18," ") | AF18: =IF(AE18>0,AE18*$C18," ") | AH18: =IF(AG18>0,AG18*$C18," ") | AJ18: =IF(AI18>0,AI18*$C18," ") | AL18: =IF(AK18>0,AK18*$C18," ") | AN18: =IF(AM18>0,AM18*$C18," ") | AP18: =IF(AO18>0,AO18*$C18," ") | AR18: =IF(AQ18>0,AQ18*$C18," ") | AS18: =AQ18+AO18+AM18+AK18+AI18+AG18+AE18+AC18+AA18+Y18+W18+U18+S18+Q18+O18+M18+K18+I18+G18+E18 -> 1
A19: 5 | B19: =VLOOKUP(A19,'ORÇAMENTO'!$A$2:$M$778,2,FALSE()) -> SUPERESTRUTURA | C19: =VLOOKUP(A19,'ORÇAMENTO'!$A$2:$M$778,13,FALSE()) -> 0 | D19: =C19/$C$42 -> #DIV/0! | F19: =IF(E19>0,E19*$C19," ") | H19: =IF(G19>0,G19*$C19," ") | J19: =IF(I19>0,I19*$C19," ") | K19: 0.2 | L19: =IF(K19>0,K19*$C19," ") -> 0 | M19: 0.2 | N19: =IF(M19>0,M19*$C19," ") -> 0 | O19: 0.2 | P19: =IF(O19>0,O19*$C19," ") -> 0 | Q19: 0.2 | R19: =IF(Q19>0,Q19*$C19," ") -> 0 | S19: 0.2 | T19: =IF(S19>0,S19*$C19," ") -> 0 | V19: =IF(U19>0,U19*$C19," ") | X19: =IF(W19>0,W19*$C19," ") | Z19: =IF(Y19>0,Y19*$C19," ") | AB19: =IF(AA19>0,AA19*$C19," ") | AD19: =IF(AC19>0,AC19*$C19," ") | AF19: =IF(AE19>0,AE19*$C19," ") | AH19: =IF(AG19>0,AG19*$C19," ") | AJ19: =IF(AI19>0,AI19*$C19," ") | AL19: =IF(AK19>0,AK19*$C19," ") | AN19: =IF(AM19>0,AM19*$C19," ") | AP19: =IF(AO19>0,AO19*$C19," ") | AR19: =IF(AQ19>0,AQ19*$C19," ") | AS19: =AQ19+AO19+AM19+AK19+AI19+AG19+AE19+AC19+AA19+Y19+W19+U19+S19+Q19+O19+M19+K19+I19+G19+E19 -> 1
A20: 6 | B20: =VLOOKUP(A20,'ORÇAMENTO'!$A$2:$M$778,2,FALSE()) -> RAMPA DE ACESSO | C20: =VLOOKUP(A20,'ORÇAMENTO'!$A$2:$M$778,13,FALSE()) -> 0 | D20: =C20/$C$42 -> #DIV/0! | F20: =IF(E20>0,E20*$C20," ") | H20: =IF(G20>0,G20*$C20," ") | J20: =IF(I20>0,I20*$C20," ") | L20: =IF(K20>0,K20*$C20," ") | N20: =IF(M20>0,M20*$C20," ") | O20: 0.2 | P20: =IF(O20>0,O20*$C20," ") -> 0 | Q20: 0.2 | R20: =IF(Q20>0,Q20*$C20," ") -> 0 | S20: 0.3 | T20: =IF(S20>0,S20*$C20," ") -> 0 | U20: 0.1 | V20: =IF(U20>0,U20*$C20," ") -> 0 | X20: =IF(W20>0,W20*$C20," ") | Z20: =IF(Y20>0,Y20*$C20," ") | AB20: =IF(AA20>0,AA20*$C20," ") | AD20: =IF(AC20>0,AC20*$C20," ") | AF20: =IF(AE20>0,AE20*$C20," ") | AH20: =IF(AG20>0,AG20*$C20," ") | AJ20: =IF(AI20>0,AI20*$C20," ") | AL20: =IF(AK20>0,AK20*$C20," ") | AN20: =IF(AM20>0,AM20*$C20," ") | AP20: =IF(AO20>0,AO20*$C20," ") | AQ20: 0.2 | AR20: =IF(AQ20>0,AQ20*$C20," ") -> 0 | AS20: =AQ20+AO20+AM20+AK20+AI20+AG20+AE20+AC20+AA20+Y20+W20+U20+S20+Q20+O20+M20+K20+I20+G20+E20 -> 1
A21: 7 | B21: =VLOOKUP(A21,'ORÇAMENTO'!$A$2:$M$778,2,FALSE()) -> ESCADA DE ACESSO AO BLOCO | C21: =VLOOKUP(A21,'ORÇAMENTO'!$A$2:$M$778,13,FALSE()) -> 0 | D21: =C21/$C$42 -> #DIV/0! | F21: =IF(E21>0,E21*$C21," ") | H21: =IF(G21>0,G21*$C21," ") | J21: =IF(I21>0,I21*$C21," ") | L21: =IF(K21>0,K21*$C21," ") | N21: =IF(M21>0,M21*$C21," ") | P21: =IF(O21>0,O21*$C21," ") | Q21: 0.2 | R21: =IF(Q21>0,Q21*$C21," ") -> 0 | S21: 0.2 | T21: =IF(S21>0,S21*$C21," ") -> 0 | U21: 0.2 | V21: =IF(U21>0,U21*$C21," ") -> 0 | W21: 0.2 | X21: =IF(W21>0,W21*$C21," ") -> 0 | Z21: =IF(Y21>0,Y21*$C21," ") | AB21: =IF(AA21>0,AA21*$C21," ") | AD21: =IF(AC21>0,AC21*$C21," ") | AF21: =IF(AE21>0,AE21*$C21," ") | AH21: =IF(AG21>0,AG21*$C21," ") | AJ21: =IF(AI21>0,AI21*$C21," ") | AL21: =IF(AK21>0,AK21*$C21," ") | AN21: =IF(AM21>0,AM21*$C21," ") | AP21: =IF(AO21>0,AO21*$C21," ") | AQ21: 0.2 | AR21: =IF(AQ21>0,AQ21*$C21," ") -> 0 | AS21: =AQ21+AO21+AM21+AK21+AI21+AG21+AE21+AC21+AA21+Y21+W21+U21+S21+Q21+O21+M21+K21+I21+G21+E21 -> 1
A22: 8 | B22: =VLOOKUP(A22,'ORÇAMENTO'!$A$2:$M$778,2,FALSE()) -> ESTACIONAMENTO EM FRENTE A FACHADA | C22: =VLOOKUP(A22,'ORÇAMENTO'!$A$2:$M$778,13,FALSE()) -> 0 | D22: =C22/$C$42 -> #DIV/0! | F22: =IF(E22>0,E22*$C22," ") | H22: =IF(G22>0,G22*$C22," ") | J22: =IF(I22>0,I22*$C22," ") | L22: =IF(K22>0,K22*$C22," ") | N22: =IF(M22>0,M22*$C22," ") | P22: =IF(O22>0,O22*$C22," ") | R22: =IF(Q22>0,Q22*$C22," ") | T22: =IF(S22>0,S22*$C22," ") | V22: =IF(U22>0,U22*$C22," ") | W22: 0.3 | X22: =IF(W22>0,W22*$C22," ") -> 0 | Y22: 0.2 | Z22: =IF(Y22>0,Y22*$C22," ") -> 0 | AA22: 0.2 | AB22: =IF(AA22>0,AA22*$C22," ") -> 0 | AC22: 0.3 | AD22: =IF(AC22>0,AC22*$C22," ") -> 0 | AF22: =IF(AE22>0,AE22*$C22," ") | AH22: =IF(AG22>0,AG22*$C22," ") | AJ22: =IF(AI22>0,AI22*$C22," ") | AL22: =IF(AK22>0,AK22*$C22," ") | AN22: =IF(AM22>0,AM22*$C22," ") | AP22: =IF(AO22>0,AO22*$C22," ") | AR22: =IF(AQ22>0,AQ22*$C22," ") | AS22: =AQ22+AO22+AM22+AK22+AI22+AG22+AE22+AC22+AA22+Y22+W22+U22+S22+Q22+O22+M22+K22+I22+G22+E22 -> 1
A23: 9 | B23: =VLOOKUP(A23,'ORÇAMENTO'!$A$2:$M$778,2,FALSE()) -> COBERTURA E ÁGUAS PLUVIAIS | C23: =VLOOKUP(A23,'ORÇAMENTO'!$A$2:$M$778,13,FALSE()) -> 0 | D23: =C23/$C$42 -> #DIV/0! | F23: =IF(E23>0,E23*$C23," ") | H23: =IF(G23>0,G23*$C23," ") | J23: =IF(I23>0,I23*$C23," ") | L23: =IF(K23>0,K23*$C23," ") | N23: =IF(M23>0,M23*$C23," ") | P23: =IF(O23>0,O23*$C23," ") | R23: =IF(Q23>0,Q23*$C23," ") | T23: =IF(S23>0,S23*$C23," ") | V23: =IF(U23>0,U23*$C23," ") | X23: =IF(W23>0,W23*$C23," ") | Y23: 0 | Z23: =IF(Y23>0,Y23*$C23," ") | AA23: 0.3 | AB23: =IF(AA23>0,AA23*$C23," ") -> 0 | AC23: 0.3 | AD23: =IF(AC23>0,AC23*$C23," ") -> 0 | AE23: 0.2 | AF23: =IF(AE23>0,AE23*$C23," ") -> 0 | AH23: =IF(AG23>0,AG23*$C23," ") | AJ23: =IF(AI23>0,AI23*$C23," ") | AL23: =IF(AK23>0,AK23*$C23," ") | AN23: =IF(AM23>0,AM23*$C23," ") | AP23: =IF(AO23>0,AO23*$C23," ") | AQ23: 0.2 | AR23: =IF(AQ23>0,AQ23*$C23," ") -> 0 | AS23: =AQ23+AO23+AM23+AK23+AI23+AG23+AE23+AC23+AA23+Y23+W23+U23+S23+Q23+O23+M23+K23+I23+G23+E23 -> 1
A24: 10 | B24: =VLOOKUP(A24,'ORÇAMENTO'!$A$2:$M$778,2,FALSE()) -> ALVENARIA E OUTRAS VEDAÇÕES | C24: =VLOOKUP(A24,'ORÇAMENTO'!$A$2:$M$778,13,FALSE()) -> 0 | D24: =C24/$C$42 -> #DIV/0! | F24: =IF(E24>0,E24*$C24," ") | H24: =IF(G24>0,G24*$C24," ") | J24: =IF(I24>0,I24*$C24," ") | L24: =IF(K24>0,K24*$C24," ") | N24: =IF(M24>0,M24*$C24," ") | P24: =IF(O24>0,O24*$C24," ") | R24: =IF(Q24>0,Q24*$C24," ") | T24: =IF(S24>0,S24*$C24," ") | V24: =IF(U24>0,U24*$C24," ") | X24: =IF(W24>0,W24*$C24," ") | Z24: =IF(Y24>0,Y24*$C24," ") | AB24: =IF(AA24>0,AA24*$C24," ") | AD24: =IF(AC24>0,AC24*$C24," ") | AF24: =IF(AE24>0,AE24*$C24," ") | AG24: 0.6 | AH24: =IF(AG24>0,AG24*$C24," ") -> 0 | AI24: 0.4 | AJ24: =IF(AI24>0,AI24*$C24," ") -> 0 | AL24: =IF(AK24>0,AK24*$C24," ") | AN24: =IF(AM24>0,AM24*$C24," ") | AP24: =IF(AO24>0,AO24*$C24," ") | AR24: =IF(AQ24>0,AQ24*$C24," ") | AS24: =AQ24+AO24+AM24+AK24+AI24+AG24+AE24+AC24+AA24+Y24+W24+U24+S24+Q24+O24+M24+K24+I24+G24+E24 -> 1
A25: 11 | B25: =VLOOKUP(A25,'ORÇAMENTO'!$A$2:$M$778,2,FALSE()) -> INSTALAÇÕES HIDROSSANITÁRIAS | C25: =VLOOKUP(A25,'ORÇAMENTO'!$A$2:$M$778,13,FALSE()) -> 0 | D25: =C25/$C$42 -> #DIV/0! | F25: =IF(E25>0,E25*$C25," ") | H25: =IF(G25>0,G25*$C25," ") | J25: =IF(I25>0,I25*$C25," ") | L25: =IF(K25>0,K25*$C25," ") | N25: =IF(M25>0,M25*$C25," ") | P25: =IF(O25>0,O25*$C25," ") | R25: =IF(Q25>0,Q25*$C25," ") | T25: =IF(S25>0,S25*$C25," ") | V25: =IF(U25>0,U25*$C25," ") | X25: =IF(W25>0,W25*$C25," ") | Z25: =IF(Y25>0,Y25*$C25," ") | AA25: 0.5 | AB25: =IF(AA25>0,AA25*$C25," ") -> 0 | AC25: 0.5 | AD25: =IF(AC25>0,AC25*$C25," ") -> 0 | AF25: =IF(AE25>0,AE25*$C25," ") | AH25: =IF(AG25>0,AG25*$C25," ") | AJ25: =IF(AI25>0,AI25*$C25," ") | AL25: =IF(AK25>0,AK25*$C25," ") | AN25: =IF(AM25>0,AM25*$C25," ") | AP25: =IF(AO25>0,AO25*$C25," ") | AR25: =IF(AQ25>0,AQ25*$C25," ") | AS25: =AQ25+AO25+AM25+AK25+AI25+AG25+AE25+AC25+AA25+Y25+W25+U25+S25+Q25+O25+M25+K25+I25+G25+E25 -> 1
A26: 12 | B26: =VLOOKUP(A26,'ORÇAMENTO'!$A$2:$M$778,2,FALSE()) -> SISTEMA PLUVIAL E DE REÚSO | C26: =VLOOKUP(A26,'ORÇAMENTO'!$A$2:$M$778,13,FALSE()) -> 0 | D26: =C26/$C$42 -> #DIV/0! | F26: =IF(E26>0,E26*$C26," ") | H26: =IF(G26>0,G26*$C26," ") | J26: =IF(I26>0,I26*$C26," ") | L26: =IF(K26>0,K26*$C26," ") | N26: =IF(M26>0,M26*$C26," ") | P26: =IF(O26>0,O26*$C26," ") | R26: =IF(Q26>0,Q26*$C26," ") | T26: =IF(S26>0,S26*$C26," ") | V26: =IF(U26>0,U26*$C26," ") | X26: =IF(W26>0,W26*$C26," ") | Z26: =IF(Y26>0,Y26*$C26," ") | AA26: 0.3 | AB26: =IF(AA26>0,AA26*$C26," ") -> 0 | AC26: 0.3 | AD26: =IF(AC26>0,AC26*$C26," ") -> 0 | AE26: 0.3 | AF26: =IF(AE26>0,AE26*$C26," ") -> 0 | AH26: =IF(AG26>0,AG26*$C26," ") | AJ26: =IF(AI26>0,AI26*$C26," ") | AL26: =IF(AK26>0,AK26*$C26," ") | AN26: =IF(AM26>0,AM26*$C26," ") | AP26: =IF(AO26>0,AO26*$C26," ") | AQ26: 0.1 | AR26: =IF(AQ26>0,AQ26*$C26," ") -> 0 | AS26: =AQ26+AO26+AM26+AK26+AI26+AG26+AE26+AC26+AA26+Y26+W26+U26+S26+Q26+O26+M26+K26+I26+G26+E26 -> 1
A27: 13 | B27: =VLOOKUP(A27,'ORÇAMENTO'!$A$2:$M$778,2,FALSE()) -> INSTALAÇÕES ELÉTRICAS - MEDIA TENSÃO | C27: =VLOOKUP(A27,'ORÇAMENTO'!$A$2:$M$778,13,FALSE()) -> 0 | D27: =C27/$C$42 -> #DIV/0! | F27: =IF(E27>0,E27*$C27," ") | H27: =IF(G27>0,G27*$C27," ") | J27: =IF(I27>0,I27*$C27," ") | L27: =IF(K27>0,K27*$C27," ") | N27: =IF(M27>0,M27*$C27," ") | P27: =IF(O27>0,O27*$C27," ") | R27: =IF(Q27>0,Q27*$C27," ") | T27: =IF(S27>0,S27*$C27," ") | U27: 0.3 | V27: =IF(U27>0,U27*$C27," ") -> 0 | W27: 0.3 | X27: =IF(W27>0,W27*$C27," ") -> 0 | Y27: 0.4 | Z27: =IF(Y27>0,Y27*$C27," ") -> 0 | AB27: =IF(AA27>0,AA27*$C27," ") | AD27: =IF(AC27>0,AC27*$C27," ") | AF27: =IF(AE27>0,AE27*$C27," ") | AH27: =IF(AG27>0,AG27*$C27," ") | AJ27: =IF(AI27>0,AI27*$C27," ") | AL27: =IF(AK27>0,AK27*$C27," ") | AN27: =IF(AM27>0,AM27*$C27," ") | AP27: =IF(AO27>0,AO27*$C27," ") | AR27: =IF(AQ27>0,AQ27*$C27," ") | AS27: =AQ27+AO27+AM27+AK27+AI27+AG27+AE27+AC27+AA27+Y27+W27+U27+S27+Q27+O27+M27+K27+I27+G27+E27 -> 1
A28: 14 | B28: =VLOOKUP(A28,'ORÇAMENTO'!$A$2:$M$778,2,FALSE()) -> INSTALAÇÕES ELÉTRICAS - BAIXA TENSÃO | C28: =VLOOKUP(A28,'ORÇAMENTO'!$A$2:$M$778,13,FALSE()) -> 0 | D28: =C28/$C$42 -> #DIV/0! | F28: =IF(E28>0,E28*$C28," ") | H28: =IF(G28>0,G28*$C28," ") | J28: =IF(I28>0,I28*$C28," ") | L28: =IF(K28>0,K28*$C28," ") | N28: =IF(M28>0,M28*$C28," ") | P28: =IF(O28>0,O28*$C28," ") | R28: =IF(Q28>0,Q28*$C28," ") | T28: =IF(S28>0,S28*$C28," ") | V28: =IF(U28>0,U28*$C28," ") | X28: =IF(W28>0,W28*$C28," ") | Z28: =IF(Y28>0,Y28*$C28," ") | AB28: =IF(AA28>0,AA28*$C28," ") | AD28: =IF(AC28>0,AC28*$C28," ") | AF28: =IF(AE28>0,AE28*$C28," ") | AG28: 0.2 | AH28: =IF(AG28>0,AG28*$C28," ") -> 0 | AI28: 0.3 | AJ28: =IF(AI28>0,AI28*$C28," ") -> 0 | AK28: 0.3 | AL28: =IF(AK28>0,AK28*$C28," ") -> 0 | AN28: =IF(AM28>0,AM28*$C28," ") | AP28: =IF(AO28>0,AO28*$C28," ") | AQ28: 0.2 | AR28: =IF(AQ28>0,AQ28*$C28," ") -> 0 | AS28: =AQ28+AO28+AM28+AK28+AI28+AG28+AE28+AC28+AA28+Y28+W28+U28+S28+Q28+O28+M28+K28+I28+G28+E28 -> 1
A29: 15 | B29: =VLOOKUP(A29,'ORÇAMENTO'!$A$2:$M$778,2,FALSE()) -> INSTALAÇÕES REDE LÓGICA | C29: =VLOOKUP(A29,'ORÇAMENTO'!$A$2:$M$778,13,FALSE()) -> 0 | D29: =C29/$C$42 -> #DIV/0! | F29: =IF(E29>0,E29*$C29," ") | H29: =IF(G29>0,G29*$C29," ") | J29: =IF(I29>0,I29*$C29," ") | L29: =IF(K29>0,K29*$C29," ") | N29: =IF(M29>0,M29*$C29," ") | P29: =IF(O29>0,O29*$C29," ") | R29: =IF(Q29>0,Q29*$C29," ") | T29: =IF(S29>0,S29*$C29," ") | V29: =IF(U29>0,U29*$C29," ") | X29: =IF(W29>0,W29*$C29," ") | Z29: =IF(Y29>0,Y29*$C29," ") | AA29: 0.2 | AB29: =IF(AA29>0,AA29*$C29," ") -> 0 | AC29: 0.2 | AD29: =IF(AC29>0,AC29*$C29," ") -> 0 | AE29: 0.2 | AF29: =IF(AE29>0,AE29*$C29," ") -> 0 | AG29: 0.2 | AH29: =IF(AG29>0,AG29*$C29," ") -> 0 | AI29: 0.2 | AJ29: =IF(AI29>0,AI29*$C29," ") -> 0 | AL29: =IF(AK29>0,AK29*$C29," ") | AN29: =IF(AM29>0,AM29*$C29," ") | AP29: =IF(AO29>0,AO29*$C29," ") | AR29: =IF(AQ29>0,AQ29*$C29," ") | AS29: =AQ29+AO29+AM29+AK29+AI29+AG29+AE29+AC29+AA29+Y29+W29+U29+S29+Q29+O29+M29+K29+I29+G29+E29 -> 1
A30: 16 | B30: =VLOOKUP(A30,'ORÇAMENTO'!$A$2:$M$778,2,FALSE()) -> SPDA - PÁRA-RAIO | C30: =VLOOKUP(A30,'ORÇAMENTO'!$A$2:$M$778,13,FALSE()) -> 0 | D30: =C30/$C$42 -> #DIV/0! | F30: =IF(E30>0,E30*$C30," ") | H30: =IF(G30>0,G30*$C30," ") | J30: =IF(I30>0,I30*$C30," ") | L30: =IF(K30>0,K30*$C30," ") | N30: =IF(M30>0,M30*$C30," ") | P30: =IF(O30>0,O30*$C30," ") | R30: =IF(Q30>0,Q30*$C30," ") | T30: =IF(S30>0,S30*$C30," ") | V30: =IF(U30>0,U30*$C30," ") | X30: =IF(W30>0,W30*$C30," ") | Z30: =IF(Y30>0,Y30*$C30," ") | AB30: =IF(AA30>0,AA30*$C30," ") | AD30: =IF(AC30>0,AC30*$C30," ") | AF30: =IF(AE30>0,AE30*$C30," ") | AH30: =IF(AG30>0,AG30*$C30," ") | AI30: 0.3 | AJ30: =IF(AI30>0,AI30*$C30," ") -> 0 | AK30: 0.3 | AL30: =IF(AK30>0,AK30*$C30," ") -> 0 | AM30: 0.2 | AN30: =IF(AM30>0,AM30*$C30," ") -> 0 | AP30: =IF(AO30>0,AO30*$C30," ") | AQ30: 0.2 | AR30: =IF(AQ30>0,AQ30*$C30," ") -> 0 | AS30: =AQ30+AO30+AM30+AK30+AI30+AG30+AE30+AC30+AA30+Y30+W30+U30+S30+Q30+O30+M30+K30+I30+G30+E30 -> 1
A31: 17 | B31: =VLOOKUP(A31,'ORÇAMENTO'!$A$2:$M$778,2,FALSE()) -> PREVENÇÃO DE INCÊNDIO | C31: =VLOOKUP(A31,'ORÇAMENTO'!$A$2:$M$778,13,FALSE()) -> 0 | D31: =C31/$C$42 -> #DIV/0! | F31: =IF(E31>0,E31*$C31," ") | H31: =IF(G31>0,G31*$C31," ") | J31: =IF(I31>0,I31*$C31," ") | L31: =IF(K31>0,K31*$C31," ") | N31: =IF(M31>0,M31*$C31," ") | P31: =IF(O31>0,O31*$C31," ") | R31: =IF(Q31>0,Q31*$C31," ") | T31: =IF(S31>0,S31*$C31," ") | V31: =IF(U31>0,U31*$C31," ") | X31: =IF(W31>0,W31*$C31," ") | Z31: =IF(Y31>0,Y31*$C31," ") | AB31: =IF(AA31>0,AA31*$C31," ") | AD31: =IF(AC31>0,AC31*$C31," ") | AF31: =IF(AE31>0,AE31*$C31," ") | AH31: =IF(AG31>0,AG31*$C31," ") | AJ31: =IF(AI31>0,AI31*$C31," ") | AL31: =IF(AK31>0,AK31*$C31," ") | AM31: 1 | AN31: =IF(AM31>0,AM31*$C31," ") -> 0 | AP31: =IF(AO31>0,AO31*$C31," ") | AR31: =IF(AQ31>0,AQ31*$C31," ") | AS31: =AQ31+AO31+AM31+AK31+AI31+AG31+AE31+AC31+AA31+Y31+W31+U31+S31+Q31+O31+M31+K31+I31+G31+E31 -> 1
A32: 18 | B32: =VLOOKUP(A32,'ORÇAMENTO'!$A$2:$M$778,2,FALSE()) -> ESQUADRIAS | C32: =VLOOKUP(A32,'ORÇAMENTO'!$A$2:$M$778,13,FALSE()) -> 0 | D32: =C32/$C$42 -> #DIV/0! | F32: =IF(E32>0,E32*$C32," ") | H32: =IF(G32>0,G32*$C32," ") | J32: =IF(I32>0,I32*$C32," ") | L32: =IF(K32>0,K32*$C32," ") | N32: =IF(M32>0,M32*$C32," ") | P32: =IF(O32>0,O32*$C32," ") | R32: =IF(Q32>0,Q32*$C32," ") | T32: =IF(S32>0,S32*$C32," ") | V32: =IF(U32>0,U32*$C32," ") | X32: =IF(W32>0,W32*$C32," ") | Z32: =IF(Y32>0,Y32*$C32," ") | AB32: =IF(AA32>0,AA32*$C32," ") | AD32: =IF(AC32>0,AC32*$C32," ") | AF32: =IF(AE32>0,AE32*$C32," ") | AH32: =IF(AG32>0,AG32*$C32," ") | AJ32: =IF(AI32>0,AI32*$C32," ") | AL32: =IF(AK32>0,AK32*$C32," ") | AN32: =IF(AM32>0,AM32*$C32," ") | AO32: 0.5 | AP32: =IF(AO32>0,AO32*$C32," ") -> 0 | AQ32: 0.5 | AR32: =IF(AQ32>0,AQ32*$C32," ") -> 0 | AS32: =AQ32+AO32+AM32+AK32+AI32+AG32+AE32+AC32+AA32+Y32+W32+U32+S32+Q32+O32+M32+K32+I32+G32+E32 -> 1
A33: 19 | B33: =VLOOKUP(A33,'ORÇAMENTO'!$A$2:$M$778,2,FALSE()) -> REVESTIMENTOS | C33: =VLOOKUP(A33,'ORÇAMENTO'!$A$2:$M$778,13,FALSE()) -> 0 | D33: =C33/$C$42 -> #DIV/0! | F33: =IF(E33>0,E33*$C33," ") | H33: =IF(G33>0,G33*$C33," ") | J33: =IF(I33>0,I33*$C33," ") | L33: =IF(K33>0,K33*$C33," ") | N33: =IF(M33>0,M33*$C33," ") | P33: =IF(O33>0,O33*$C33," ") | R33: =IF(Q33>0,Q33*$C33," ") | T33: =IF(S33>0,S33*$C33," ") | V33: =IF(U33>0,U33*$C33," ") | X33: =IF(W33>0,W33*$C33," ") | Z33: =IF(Y33>0,Y33*$C33," ") | AB33: =IF(AA33>0,AA33*$C33," ") | AD33: =IF(AC33>0,AC33*$C33," ") | AF33: =IF(AE33>0,AE33*$C33," ") | AH33: =IF(AG33>0,AG33*$C33," ") | AJ33: =IF(AI33>0,AI33*$C33," ") | AL33: =IF(AK33>0,AK33*$C33," ") | AM33: 0.1 | AN33: =IF(AM33>0,AM33*$C33," ") -> 0 | AO33: 0.4 | AP33: =IF(AO33>0,AO33*$C33," ") -> 0 | AQ33: 0.5 | AR33: =IF(AQ33>0,AQ33*$C33," ") -> 0 | AS33: =AQ33+AO33+AM33+AK33+AI33+AG33+AE33+AC33+AA33+Y33+W33+U33+S33+Q33+O33+M33+K33+I33+G33+E33 -> 1
A34: 20 | B34: =VLOOKUP(A34,'ORÇAMENTO'!$A$2:$M$778,2,FALSE()) -> PISOS | C34: =VLOOKUP(A34,'ORÇAMENTO'!$A$2:$M$778,13,FALSE()) -> 0 | D34: =C34/$C$42 -> #DIV/0! | F34: =IF(E34>0,E34*$C34," ") | H34: =IF(G34>0,G34*$C34," ") | J34: =IF(I34>0,I34*$C34," ") | L34: =IF(K34>0,K34*$C34," ") | N34: =IF(M34>0,M34*$C34," ") | P34: =IF(O34>0,O34*$C34," ") | R34: =IF(Q34>0,Q34*$C34," ") | T34: =IF(S34>0,S34*$C34," ") | V34: =IF(U34>0,U34*$C34," ") | X34: =IF(W34>0,W34*$C34," ") | Z34: =IF(Y34>0,Y34*$C34," ") | AB34: =IF(AA34>0,AA34*$C34," ") | AD34: =IF(AC34>0,AC34*$C34," ") | AF34: =IF(AE34>0,AE34*$C34," ") | AH34: =IF(AG34>0,AG34*$C34," ") | AJ34: =IF(AI34>0,AI34*$C34," ") | AL34: =IF(AK34>0,AK34*$C34," ") | AN34: =IF(AM34>0,AM34*$C34," ") | AO34: 0.5 | AP34: =IF(AO34>0,AO34*$C34," ") -> 0 | AQ34: 0.5 | AR34: =IF(AQ34>0,AQ34*$C34," ") -> 0 | AS34: =AQ34+AO34+AM34+AK34+AI34+AG34+AE34+AC34+AA34+Y34+W34+U34+S34+Q34+O34+M34+K34+I34+G34+E34 -> 1
A35: 21 | B35: =VLOOKUP(A35,'ORÇAMENTO'!$A$2:$M$778,2,FALSE()) -> FORRO E ACABAMENTOS | C35: =VLOOKUP(A35,'ORÇAMENTO'!$A$2:$M$778,13,FALSE()) -> 0 | D35: =C35/$C$42 -> #DIV/0! | F35: =IF(E35>0,E35*$C35," ") | H35: =IF(G35>0,G35*$C35," ") | J35: =IF(I35>0,I35*$C35," ") | L35: =IF(K35>0,K35*$C35," ") | N35: =IF(M35>0,M35*$C35," ") | P35: =IF(O35>0,O35*$C35," ") | R35: =IF(Q35>0,Q35*$C35," ") | T35: =IF(S35>0,S35*$C35," ") | V35: =IF(U35>0,U35*$C35," ") | X35: =IF(W35>0,W35*$C35," ") | Z35: =IF(Y35>0,Y35*$C35," ") | AB35: =IF(AA35>0,AA35*$C35," ") | AD35: =IF(AC35>0,AC35*$C35," ") | AF35: =IF(AE35>0,AE35*$C35," ") | AH35: =IF(AG35>0,AG35*$C35," ") | AJ35: =IF(AI35>0,AI35*$C35," ") | AL35: =IF(AK35>0,AK35*$C35," ") | AN35: =IF(AM35>0,AM35*$C35," ") | AO35: 0.5 | AP35: =IF(AO35>0,AO35*$C35," ") -> 0 | AQ35: 0.5 | AR35: =IF(AQ35>0,AQ35*$C35," ") -> 0 | AS35: =AQ35+AO35+AM35+AK35+AI35+AG35+AE35+AC35+AA35+Y35+W35+U35+S35+Q35+O35+M35+K35+I35+G35+E35 -> 1
A36: 22 | B36: =VLOOKUP(A36,'ORÇAMENTO'!$A$2:$M$778,2,FALSE()) -> ENTORNO E PAISAGISMO | C36: =VLOOKUP(A36,'ORÇAMENTO'!$A$2:$M$778,13,FALSE()) -> 0 | D36: =C36/$C$42 -> #DIV/0! | F36: =IF(E36>0,E36*$C36," ") | H36: =IF(G36>0,G36*$C36," ") | J36: =IF(I36>0,I36*$C36," ") | L36: =IF(K36>0,K36*$C36," ") | N36: =IF(M36>0,M36*$C36," ") | P36: =IF(O36>0,O36*$C36," ") | R36: =IF(Q36>0,Q36*$C36," ") | T36: =IF(S36>0,S36*$C36," ") | V36: =IF(U36>0,U36*$C36," ") | X36: =IF(W36>0,W36*$C36," ") | Z36: =IF(Y36>0,Y36*$C36," ") | AB36: =IF(AA36>0,AA36*$C36," ") | AD36: =IF(AC36>0,AC36*$C36," ") | AF36: =IF(AE36>0,AE36*$C36," ") | AH36: =IF(AG36>0,AG36*$C36," ") | AJ36: =IF(AI36>0,AI36*$C36," ") | AL36: =IF(AK36>0,AK36*$C36," ") | AN36: =IF(AM36>0,AM36*$C36," ") | AO36: 0.5 | AP36: =IF(AO36>0,AO36*$C36," ") -> 0 | AQ36: 0.5 | AR36: =IF(AQ36>0,AQ36*$C36," ") -> 0 | AS36: =AQ36+AO36+AM36+AK36+AI36+AG36+AE36+AC36+AA36+Y36+W36+U36+S36+Q36+O36+M36+K36+I36+G36+E36 -> 1
A37: 23 | B37: =VLOOKUP(A37,'ORÇAMENTO'!$A$2:$M$778,2,FALSE()) -> PINTURAS | C37: =VLOOKUP(A37,'ORÇAMENTO'!$A$2:$M$778,13,FALSE()) -> 0 | D37: =C37/$C$42 -> #DIV/0! | AQ37: 1 | AR37: =IF(AQ37>0,AQ37*$C37," ") -> 0 | AS37: =AQ37+AO37+AM37+AK37+AI37+AG37+AE37+AC37+AA37+Y37+W37+U37+S37+Q37+O37+M37+K37+I37+G37+E37 -> 1
A38: 24 | B38: =VLOOKUP(A38,'ORÇAMENTO'!$A$2:$M$778,2,FALSE()) -> LOUÇAS E ACESSÓRIOS | C38: =VLOOKUP(A38,'ORÇAMENTO'!$A$2:$M$778,13,FALSE()) -> 0 | D38: =C38/$C$42 -> #DIV/0! | AO38: 0.5 | AP38: =IF(AO38>0,AO38*$C38," ") -> 0 | AQ38: 0.5 | AR38: =IF(AQ38>0,AQ38*$C38," ") -> 0 | AS38: =AQ38+AO38+AM38+AK38+AI38+AG38+AE38+AC38+AA38+Y38+W38+U38+S38+Q38+O38+M38+K38+I38+G38+E38 -> 1
A39: 25 | B39: =VLOOKUP(A39,'ORÇAMENTO'!$A$2:$M$778,2,FALSE()) -> ACESSIBILIDADE | C39: =VLOOKUP(A39,'ORÇAMENTO'!$A$2:$M$778,13,FALSE()) -> 0 | D39: =C39/$C$42 -> #DIV/0! | AM39: 0.25 | AN39: =IF(AM39>0,AM39*$C39," ") -> 0 | AO39: 0.25 | AP39: =IF(AO39>0,AO39*$C39," ") -> 0 | AQ39: 0.5 | AR39: =IF(AQ39>0,AQ39*$C39," ") -> 0 | AS39: =AQ39+AO39+AM39+AK39+AI39+AG39+AE39+AC39+AA39+Y39+W39+U39+S39+Q39+O39+M39+K39+I39+G39+E39 -> 1
A40: 26 | B40: =VLOOKUP(A40,'ORÇAMENTO'!$A$2:$M$778,2,FALSE()) -> COMUNICAÇÃO VISUAL | C40: =VLOOKUP(A40,'ORÇAMENTO'!$A$2:$M$778,13,FALSE()) -> 0 | D40: =C40/$C$42 -> #DIV/0! | AM40: 0.25 | AN40: =IF(AM40>0,AM40*$C40," ") -> 0 | AO40: 0.25 | AP40: =IF(AO40>0,AO40*$C40," ") -> 0 | AQ40: 0.5 | AR40: =IF(AQ40>0,AQ40*$C40," ") -> 0 | AS40: =AQ40+AO40+AM40+AK40+AI40+AG40+AE40+AC40+AA40+Y40+W40+U40+S40+Q40+O40+M40+K40+I40+G40+E40 -> 1
A41: 27 | B41: =VLOOKUP(A41,'ORÇAMENTO'!$A$2:$M$778,2,FALSE()) -> FINALIZAÇÕES | C41: =VLOOKUP(A41,'ORÇAMENTO'!$A$2:$M$778,13,FALSE()) -> 0 | D41: =C41/$C$42 -> #DIV/0! | O41: 0.1 | P41: =IF(O41>0,O41*$C41," ") -> 0 | U41: 0.1 | V41: =IF(U41>0,U41*$C41," ") -> 0 | AA41: 0.1 | AB41: =IF(AA41>0,AA41*$C41," ") -> 0 | AE41: 0.2 | AF41: =IF(AE41>0,AE41*$C41," ") -> 0 | AK41: 0.2 | AL41: =IF(AK41>0,AK41*$C41," ") -> 0 | AQ41: 0.3 | AR41: =IF(AQ41>0,AQ41*$C41," ") -> 0 | AS41: =AQ41+AO41+AM41+AK41+AI41+AG41+AE41+AC41+AA41+Y41+W41+U41+S41+Q41+O41+M41+K41+I41+G41+E41 -> 1
B42: TOTAL | C42: =SUM(C15:C41) -> 0 | D42: =C42/$C$42 -> #DIV/0! | F42: =IF(E42>0,E42*$C42," ") | H42: =IF(G42>0,G42*$C42," ") | J42: =IF(I42>0,I42*$C42," ") | L42: =IF(K42>0,K42*$C42," ") | N42: =IF(M42>0,M42*$C42," ") | P42: =IF(O42>0,O42*$C42," ") | R42: =IF(Q42>0,Q42*$C42," ") | T42: =IF(S42>0,S42*$C42," ") | V42: =IF(U42>0,U42*$C42," ") | X42: =IF(W42>0,W42*$C42," ") | Z42: =IF(Y42>0,Y42*$C42," ") | AB42: =IF(AA42>0,AA42*$C42," ") | AD42: =IF(AC42>0,AC42*$C42," ") | AF42: =IF(AE42>0,AE42*$C42," ") | AH42: =IF(AG42>0,AG42*$C42," ") | AJ42: =IF(AI42>0,AI42*$C42," ") | AL42: =IF(AK42>0,AK42*$C42," ") | AN42: =IF(AM42>0,AM42*$C42," ") | AP42: =IF(AO42>0,AO42*$C42," ") | AR42: =IF(AQ42>0,AQ42*$C42," ")
B44: R$ parcial (valor período) | E44: =SUM(F15:F42) -> 0 | G44: =SUM(H15:H42) -> 0 | I44: =SUM(J15:J42) -> 0 | K44: =SUM(L15:L42) -> 0 | M44: =SUM(N15:N42) -> 0 | O44: =SUM(P15:P42) -> 0 | Q44: =SUM(R15:R42) -> 0 | S44: =SUM(T15:T42) -> 0 | U44: =SUM(V15:V42) -> 0 | W44: =SUM(X15:X42) -> 0 | Y44: =SUM(Z15:Z42) -> 0 | AA44: =SUM(AB15:AB42) -> 0 | AC44: =SUM(AD15:AD42) -> 0 | AE44: =SUM(AF15:AF42) -> 0 | AG44: =SUM(AH15:AH42) -> 0 | AI44: =SUM(AJ15:AJ42) -> 0 | AK44: =SUM(AL15:AL42) -> 0 | AM44: =SUM(AN15:AN42) -> 0 | AO44: =SUM(AP15:AP42) -> 0 | AQ44: =SUM(AR15:AR42) -> 0
B45: %_parcial (período) | E45: =SUM(E44/$C$42) -> #DIV/0! | G45: =SUM(G44/$C$42) -> #DIV/0! | I45: =SUM(I44/$C$42) -> #DIV/0! | K45: =SUM(K44/$C$42) -> #DIV/0! | M45: =SUM(M44/$C$42) -> #DIV/0! | O45: =SUM(O44/$C$42) -> #DIV/0! | Q45: =SUM(Q44/$C$42) -> #DIV/0! | S45: =SUM(S44/$C$42) -> #DIV/0! | U45: =SUM(U44/$C$42) -> #DIV/0! | W45: =SUM(W44/$C$42) -> #DIV/0! | Y45: =SUM(Y44/$C$42) -> #DIV/0! | AA45: =SUM(AA44/$C$42) -> #DIV/0! | AC45: =SUM(AC44/$C$42) -> #DIV/0! | AE45: =SUM(AE44/$C$42) -> #DIV/0! | AG45: =SUM(AG44/$C$42) -> #DIV/0! | AI45: =SUM(AI44/$C$42) -> #DIV/0! | AK45: =SUM(AK44/$C$42) -> #DIV/0! | AM45: =SUM(AM44/$C$42) -> #DIV/0! | AO45: =SUM(AO44/$C$42) -> #DIV/0! | AQ45: =SUM(AQ44/$C$42) -> #DIV/0!
B46: R$_ acumulado | E46: =E44 -> 0 | G46: =E46+G44 -> 0 | I46: =G46+I44 -> 0 | K46: =I46+K44 -> 0 | M46: =K46+M44 -> 0 | O46: =M46+O44 -> 0 | Q46: =SUM(O46+Q44) -> 0 | S46: =Q46+S44 -> 0 | U46: =S46+U44 -> 0 | W46: =U46+W44 -> 0 | Y46: =W46+Y44 -> 0 | AA46: =Y46+AA44 -> 0 | AC46: =SUM(AA46+AC44) -> 0 | AE46: =AC46+AE44 -> 0 | AG46: =AE46+AG44 -> 0 | AI46: =AG46+AI44 -> 0 | AK46: =AI46+AK44 -> 0 | AM46: =AK46+AM44 -> 0 | AO46: =SUM(AM46+AO44) -> 0 | AQ46: =AO46+AQ44 -> 0
B47: %_acumulado | E47: =E45 -> #DIV/0! | G47: =E47+G45 -> #DIV/0! | I47: =G47+I45 -> #DIV/0! | K47: =I47+K45 -> #DIV/0! | M47: =K47+M45 -> #DIV/0! | O47: =M47+O45 -> #DIV/0! | Q47: =O47+Q45 -> #DIV/0! | S47: =Q47+S45 -> #DIV/0! | U47: =S47+U45 -> #DIV/0! | W47: =U47+W45 -> #DIV/0! | Y47: =W47+Y45 -> #DIV/0! | AA47: =Y47+AA45 -> #DIV/0! | AC47: =AA47+AC45 -> #DIV/0! | AE47: =AC47+AE45 -> #DIV/0! | AG47: =AE47+AG45 -> #DIV/0! | AI47: =AG47+AI45 -> #DIV/0! | AK47: =AI47+AK45 -> #DIV/0! | AM47: =AK47+AM45 -> #DIV/0! | AO47: =AM47+AO45 -> #DIV/0! | AQ47: =AO47+AQ45 -> #DIV/0!
A49: NOTAS:
A51: A. A ÚLTIMA PARCELA DEVE OBRIGATORIAMENTE SER MAIOR QUE 11%
A52: B. O PRAZO MÁXIMO PARA EXECUÇÃO É DE 20 MESES
B56: ASSINAR A PROPOSTA

Sheet BDI
E3: UNIVERSIDADE ESTADUAL DO NORTE DO PARANÁ
E4: CNPJ: 08.885.100/0001-54
E5: OBRA : CENTRAL DE PÓS-GRADUAÇÃO
E6: Local: Campus Jacarezinho - CJ
E7: Data do orçamento: SETEMBRO/2026
E8: SINAPI_Referência_2026_07_não_Desonerada
E9: INSERIR DADOS DA EMPRESA
A11: COMPOSIÇÃO DO BDI
A12: CUSTO TOTAL DO SERVIÇO (R$)
A13: ITEM | B13: DISCRIMINAÇÃO | E13: VALOR | F13: TAXA (%) | G13: OBSERVAÇÃO | H13: SITUAÇÃO DO INTERVALO ADMISSÍVEL | I13: PARCELAS DO BDI (%)
I14: 1 QUARTIL | J14: MÉDIO | K14: 3 QUARTIL
A15: 1 | B15: AC – ADMINISTRAÇÃO CENTRAL | E15: - | F15: 0.04 | H15: =IF(AND(F15>=I15,F15<=K15),"OK","DIFERE") -> OK | I15: 0.03 | J15: 0.04 | K15: 0.055
A16: 2 | B16: SG – SEGUROS + GARANTIA | E16: - | F16: 0.008 | H16: =IF(AND(F16>=I16,F16<=K16),"OK","DIFERE") -> OK | I16: 0.008 | J16: 0.008 | K16: 0.01
A17: 3 | B17: R – RISCOS | E17: - | F17: 0.0127 | H17: =IF(AND(F17>=I17,F17<=K17),"OK","DIFERE") -> OK | I17: 0.0097 | J17: 0.0127 | K17: 0.0127
A18: 4 | B18: DF – DESPESAS FINANCEIRAS | E18: - | F18: 0.0123 | H18: =IF(AND(F18>=I18,F18<=K18),"OK","DIFERE") -> OK | I18: 0.0059 | J18: 0.0123 | K18: 0.0139
A19: 5 | B19: L – LUCRO BRUTO | E19: - | F19: 0.074 | H19: =IF(AND(F19>=I19,F19<=K19),"OK","DIFERE") -> OK | I19: 0.0616 | J19: 0.074 | K19: 0.0896
A20: 6 | B20: I – IMPOSTOS | E20: - | F20: =SUM(F21:F24) -> 0.0665 | G20: FÓRMULA DO BDI DE ACORDO COM ACÓRDÃO 2.369/2011-TCU- PLENÁRIO
A21: 43836 | B21: PIS | F21: 0.0065
A22: 43867 | B22: COFINS | F22: 0.03
A23: 43896 | B23: ISS (CONFORME LEGISLAÇÃO MUNICIPAL) | F23: 0.03
A24: 43927 | B24: CONTRIB. PREVIDÊNCIA SOBRE RECEITA BRUTA – CPRB | F24: 0
A26: TOTAL DO BDI (R$)
A27: PREÇO DE VENDA (R$) | G27: ONDE:
A28: BDI (%) | F28: =ROUND(((((1+(F15+F16+F17))*(1+F18)*(1+F19))/(1-F20))-1),4) -> 0.2354 | G28: AC : TAXA DE ADMINISTRAÇÃO CENTRAL
G29: S: TAXA DE SEGURO
A30: Parâmetros do Acórdão 2.622/2013 - Plenário | G30: G: TAXA DE GARANTIAS
A31: Sem CPRB | B31: 0.2034 | C31: 0.2212 | D31: 0.25 | G31: R: TAXA DE RISCOS
A32: Com CPRB | B32: 0.2601 | C32: 0.2787 | D32: 0.3089 | G32: DF: TAXA DE DESPESAS
G33: L: TAXA DE LUCRO
G34: I: TAXA DE INCIDÊNCIA DE IMPOSTOS (PIS, COFINS, ISS, CPRB)
A37: COMPOSIÇÃO DO BDI DIFERENCIADO
A38: CUSTO TOTAL DO SERVIÇO (R$)
A39: ITEM | B39: DISCRIMINAÇÃO | E39: VALOR | F39: TAXA (%) | G39: OBSERVAÇÃO | H39: SITUAÇÃO DO INTERVALO ADMISSÍVEL | I39: PARCELAS DO BDI (%)
I40: 1 QUARTIL | J40: MÉDIO | K40: 3 QUARTIL
A41: 1 | B41: AC – ADMINISTRAÇÃO CENTRAL | F41: 0.0345 | H41: =IF(AND(F41>=I41,F41<=K41),"OK","DIFERE") -> OK | I41: 0.015 | J41: 0.0345 | K41: 0.0449
A42: 2 | B42: SG – SEGUROS + GARANTIA | F42: 0.0048 | H42: =IF(AND(F42>=I42,F42<=K42),"OK","DIFERE") -> OK | I42: 0.003 | J42: 0.0048 | K42: 0.0082
A43: 3 | B43: R – RISCOS | F43: 0.0085 | H43: =IF(AND(F43>=I43,F43<=K43),"OK","DIFERE") -> OK | I43: 0.0056 | J43: 0.0085 | K43: 0.0089
A44: 4 | B44: DF – DESPESAS FINANCEIRAS | F44: 0.0085 | H44: =IF(AND(F44>=I44,F44<=K44),"OK","DIFERE") -> OK | I44: 0.0085 | J44: 0.0085 | K44: 0.0111
A45: 5 | B45: L – LUCRO BRUTO | F45: 0.0511 | H45: =IF(AND(F45>=I45,F45<=K45),"OK","DIFERE") -> OK | I45: 0.035 | J45: 0.0511 | K45: 0.0622
A46: 6 | B46: I – IMPOSTOS | F46: =SUM(F47:F50) -> 0.0365 | G46: FÓRMULA DO BDI DE ACORDO COM ACÓRDÃO 2.369/2011-TCU- PLENÁRIO
A47: 43836 | B47: PIS | F47: 0.0065
A48: 43867 | B48: COFINS | F48: 0.03
A49: 43896 | B49: ISS (CONFORME LEGISLAÇÃO MUNICIPAL) | F49: 0
A50: 43927 | B50: CONTRIB. PREVIDÊNCIA SOBRE RECEITA BRUTA – CPRB | F50: 0
A52: TOTAL DO BDI (R$)
A53: PREÇO DE VENDA (R$) | G53: ONDE:
A54: BDI (%) | F54: =ROUND((((1+(F41+F42+F43))*(1+F44)*(1+F45))/(1-F46))-1,4) -> 0.1528 | G54: AC : TAXA DE ADMINISTRAÇÃO CENTRAL
G55: S: TAXA DE SEGURO
A56: Parâmetros do Acórdão 2.622/2013 - Plenário | G56: G: TAXA DE GARANTIAS
A57: Sem CPRB | B57: 0.111 | C57: 0.1402 | D57: 0.168 | G57: R: TAXA DE RISCOS
A58: Com CPRB | B58: 0.1634 | C58: 0.1939 | D58: 0.223 | G58: DF: TAXA DE DESPESAS
G59: L: TAXA DE LUCRO
G60: I: TAXA DE INCIDÊNCIA DE IMPOSTOS (PIS, COFINS, ISS, CPRB)
A61: OBS: Para o BDI reduzido, considerou-se nulo o ISS e uma parcela reduzida para administração central e lucro para remunerar os custos inerentes às aquisições e armazenamento por parte da empresa contratada, por isso o valor da taxa de BDI é menor do que a que foi adotada para o restante do orçamento da obra.
B65: ASSINAR A PROPOSTA
